 Dungeon Crawl Stone Soup version 0.21-a0-286-g6fcecc0 (webtiles) character file.

27740517 4thArraOfDagon the Combatant (level 27, 224/224 HPs)
             Began as a Vampire Enchanter on Sept 25, 2017.
             Was a Follower of Okawaru.
             Escaped with the Orb
             ... and 15 runes on Sept 27, 2017!
             The game lasted 05:46:18 (53702 turns).

4thArraOfDagon the Combatant (Vampire Enchanter)   Turns: 53702, Time: 05:46:19

Health: 224/224    AC: 22    Str:  6      XL:     27
Magic:  42/59      EV: 27    Int: 40 (41) God:    Okawaru [*.....]
Gold:   4641       SH: 17    Dex: 19      Spells: 15/64 levels left

rFire    + . .     SeeInvis +   M - +9 demon blade (chaos)
rCold    + + .     Gourm    .   a - +2 buckler "Eryrphuho" {rC+ MP+9}
rNeg     + + +     Faith    .   b - +1 ring mail "Jijiryce" {rF+ rC+ Int+7}
rPois    +         Spirit   .   D - +3 hat of the Beekeeper {*Contam rElec rN++ Regen+}
rElec    +         Reflect  .   B - +2 cloak {MR+}
rCorr    .         Harm     .   L - +3 pair of gauntlets of War {Slay+5}
MR       ++++.                  G - +0 pair of boots of the Dungeon {Int+2}
Stlth    ++++......             r - macabre finger necklace {rN+}
HPRegen  1.07/turn              c - ring of Ginotiudd {*Corrode rElec rPois MR+ Int+3}
MPRegen  0.36/turn              u - ring of the Octopus King {MP+9 AC+1 EV+1 Str+1 Int+1 Dex+1}
                                g - ring of Eganoiv {+Blink EV+3 Dex+3 Stlth+}

@: heroism, finesse, regenerating quickly
A: fangs 3, talons 1, large bone plates 1, yellow scales 1, see invisible,
blink, deterioration 2, dopey 1, low mp 1, poison resistance, screaming 1, weak
1, unbreathing, no potion heal 1
0: Orb of Zot
}: 15/15 runes: barnacled, slimy, silver, golden, iron, obsidian, icy, bone,
abyssal, demonic, glowing, magical, fiery, dark, gossamer
a: Blink, Heroism, Renounce Religion, Evoke Blink


You escaped.
You worshipped Okawaru.
Okawaru was aware of your devotion.
You were very full.

You visited 17 branches of the dungeon, and saw 89 of its levels.
You visited Pandemonium 5 times, and saw 41 of its levels.
You visited the Abyss 3 times.
You visited 1 ziggurat, and saw 8 of its levels.
You also visited: Labyrinth.

You collected 7332 gold pieces.
You spent 2691 gold pieces at shops.

Inventory:

Hand Weapons
 x - the +10 scimitar "Dragonslayer" {drain, Int+4 Dex+3}
   (Okawaru gifted it to you on level 3 of the Elven Halls)

   A truly terrible weapon, it drains the life of those it strikes.
   It affects your intelligence (+4).
   It affects your dexterity (+3).
 J - the +6 rapier of Docimn {pierce, rF+ Int+4 Dex+2}
   (You acquired it on level 11 of the Dungeon)

   It inflicts extra damage upon your enemies.
   It affects your intelligence (+4).
   It affects your dexterity (+2).
   It protects you from fire.
 M - a +9 demon blade of chaos (weapon)
Missiles
 F - 10 javelins of penetration (quivered)
 N - 13 throwing nets
Armour
 a - the +2 buckler "Eryrphuho" (worn) {rC+ MP+9}
   (You took it off a cherub in Pandemonium)

   It protects you from cold.
   It affects your magic capacity (+9).
 b - the +1 ring mail "Jijiryce" (worn) {rF+ rC+ Int+7}
   (You found it on level 4 of the Shoals)

   It affects your intelligence (+7).
   It protects you from fire.
   It protects you from cold.
 k - the +6 fire dragon scales of the Echidna {rElec rF++ rC- Int+3 SInv}
   (You found it in Pandemonium)

   It affects your intelligence (+3).
   It greatly protects you from fire.
   It makes you vulnerable to cold.
   It insulates you from electricity.
   It lets you see invisible.
 m - the +9 plate armour of Fedhas's Regard {-Cast Regen+ Int+4}
   (You found it on level 2 of the Tomb of the Ancients)

   It affects your intelligence (+4).
   It prevents spellcasting.
   It increases your rate of regeneration.
 B - a +2 cloak of magic resistance (worn)
 D - the +3 hat of the Beekeeper (worn) {*Contam rElec rN++ Regen+}
   (You found it on level 3 of the Lair of Beasts)

   It insulates you from electricity.
   It greatly protects you from negative energy.
   It causes magical contamination when unequipped.
   It increases your rate of regeneration.
 G - the +0 pair of boots of the Dungeon (worn) {Int+2}
   (Okawaru gifted it to you on level 4 of the Spider Nest)

   It affects your intelligence (+2).
 L - the +3 pair of gauntlets of War (worn) {Slay+5}
   (Okawaru gifted it to you on level 11 of the Dungeon)

   It affects your accuracy and damage with ranged weapons and melee attacks
   (+5).
 X - the +0 hat of Impermeability {rPois rCorr Str+4 Slay+3}
   (Okawaru gifted it to you on level 2 of the Spider Nest)

   It affects your strength (+4).
   It affects your accuracy and damage with ranged weapons and melee attacks
   (+3).
   It protects you from poison.
   It protects you from acid and corrosion.
Jewellery
 c - the ring of Ginotiudd (left hand) {*Corrode rElec rPois MR+ Int+3}
   (You found it on level 12 of the Dungeon)

   [ring of protection from magic]

   It affects your intelligence (+3).
   It insulates you from electricity.
   It protects you from poison.
   It affects your resistance to hostile enchantments.
   It may corrode you when you take damage.
 g - the ring of Eganoiv (on amulet) {+Blink EV+3 Dex+3 Stlth+}
   (You found it on level 7 of a ziggurat)

   [ring of evasion]

   It affects your evasion (+3).
   It affects your dexterity (+3).
   It lets you blink.
   It makes you more stealthy.
 r - the macabre finger necklace (around neck) {rN+}
   (You bought it in a shop on level 1 of the Depths)

   [amulet of nothing]

   It protects you from negative energy.
 u - a ring of the Octopus King (right hand) {MP+9 AC+1 EV+1 Str+1 Int+1 Dex+1}
   (You found it on level 6 of the Dungeon)

   [ring of magical power]

   It affects your AC (+1).
   It affects your evasion (+1).
   It affects your strength (+1).
   It affects your intelligence (+1).
   It affects your dexterity (+1).
   It affects your magic capacity (+9).
 C - an uncursed ring of resist corrosion
 O - the ring "Viluim" {rPois Str+3}
   (You took it off an angel in Pandemonium)

   [ring of strength]

   It affects your strength (+3).
   It protects you from poison.
Wands
 s - a wand of clouds (8/9)
 E - a wand of acid (8/15)
 R - a wand of paralysis (21/24)
Scrolls
 j - 4 scrolls of fog
 o - 7 scrolls of recharging
 K - 3 scrolls of summoning
 P - 5 scrolls of blinking
 U - 20 scrolls of remove curse
 V - 3 scrolls of silence
 W - a scroll of identify
Potions
 d - 8 potions of ambrosia
 e - 3 potions of might
 f - a potion of magic
 h - 14 potions of brilliance
 i - 2 potions of agility
 l - 9 potions of flight
 n - 9 potions of blood
 p - 3 potions of resistance
 t - a potion of mutation
 v - 2 potions of curing
 y - 2 potions of heal wounds
 z - a potion of cancellation
 Q - 6 potions of berserk rage
 S - a potion of haste
 Z - 2 potions of invisibility
Books
 Y - a Necronomicon

   Spells                             Type                      Level
   a - Haunt                          Necromancy/Summoning         7
   b - Borgnjor's Revivification      Necromancy                   8
   c - Death's Door                   Charms/Necromancy            8
   d - Infestation                    Necromancy                   8
   e - Necromutation                  Transmutation/Necromancy     8
Miscellaneous
 q - 7 phantom mirrors
 A - 2 boxes of beasts
 H - a lightning rod (4/4)
 I - 4 sacks of spiders
 T - a lamp of fire


   Skills:
 - Level 20.0(25.0) Fighting
 - Level 2.1(20.5) Short Blades
 - Level 21.0(26.0) Long Blades
 - Level 1.9(6.9) Armour
 - Level 17.1(22.1) Dodging
 - Level 21.0(26.0) Stealth
 - Level 18.5(23.5) Shields
 - Level 19.3 Spellcasting
 - Level 10.4 Hexes
 - Level 20.4 Translocations
 - Level 13.3 Transmutations
 - Level 12.3 Earth Magic
 + Level 25.3 Invocations


You had 15 spell levels left.
You knew the following spells:

 Your Spells              Type           Power        Failure   Level  Hunger
a - Regeneration          Chrm/Necr      #####.....   6%          3    None
b - Spectral Weapon       Hex/Chrm       ######..     1%          3    None
c - Confuse               Hex            #######.     1%          3    None
d - Apportation           Tloc           ######       0%          1    None
e - Statue Form           Tmut/Erth      #######..    1%          6    None
f - Blink                 Tloc           N/A          0%          2    None
g - Swiftness             Chrm/Air       #####...     3%          2    None
h - Song of Slaying       Chrm           #####...     3%          2    None
i - Controlled Blink      Tloc           N/A          3%          8    ###....
j - Passage of Golubria   Tloc           N/A          0%          4    None
k - Passwall              Tmut/Erth      #######...   0%          2    None
l - Lee's Rapid Deconstr  Erth           #######...   1%          5    None
m - Infestation           Necr           #####.....   100%        8    ###....


Dungeon Overview and Level Annotations

Branches:
Dungeon (15/15)            Temple (0/1) D:7            Lair (6/6) D:10
 Shoals (4/4) Lair:2       Spider (4/4) Lair:4        Slime (5/5) Lair:5
    Orc (2/2) D:11            Elf (3/3) Orc:2        Vaults (5/5) D:14
  Crypt (3/3) Vaults:3       Tomb (3/3) Crypt:3      Depths (5/5) D:15
   Hell (1/1)                 Dis (7/7) Hell            Geh (7/7) Hell
    Coc (7/7) Hell            Tar (7/7) Hell            Zot (5/5) Depths:5

Altars:
Dithmenos
Gozag
Hepliaklqana
Makhleb
Nemelex Xobeh
Okawaru
Qazlal
Sif Muna
Yredelemnul
The Shining One
Beogh
Jiyva

Shops:
D:4 (   D:5 *=}=   Orc:2 *(:   Elf:3 }   Shoals:3 %   Zot:5 *   Depths:1 }=}
Depths:2 }?

Portals:
Hell: Lair:6 Depths:1 Depths:3 Depths:4 Depths:5
Abyss: Depths:4
Pandemonium: Depths:3

Annotations:
D:11 4thArraOfDagon's ghost, novice OpIE
Shoals:2 1 runed door
Shoals:4 exclusion: Roxanne, Roxanne
Orc:2 Donald
Elf:2 5 runed doors
Depths:5 exclusion: orange crystal statue, Lom Lobon
Dis:7 Dispater
Geh:7 Asmodeus
Tar:7 Ereshkigal


Innate Abilities, Weirdness & Mutations

Your natural rate of healing is unusually fast.
You have razor-sharp teeth.
You have supernaturally acute eyesight. (SInv)
You can survive without breathing.
You have sharp toenails.
You are partially covered in large bone plates. (SH +4)
You are partially covered in yellow scales. (AC +2)
You can translocate small distances at will.
Your body often deteriorates upon taking damage.
You are dopey. (Int -2)
Your magical capacity is low. (-10% MP)
Your system is resistant to poisons. (rPois)
You occasionally shout uncontrollably at your foes.
You are weak. (Str -2)
Potions are less effective at restoring your health.


Message History

You block the red devil's attack. Magic courses through your body.
The red devil hits you but does no damage.
Magic courses through your body. You block the red devil's attack.
You feel more confident with your borrowed prowess.
You feel more confident with your borrowed prowess.
The red devil completely misses you.
You feel more confident with your borrowed prowess.
The red devil completely misses you.
You feel more confident with your borrowed prowess.
You block the red devil's attack.
You feel more confident with your borrowed prowess.
You block the red devil's attack.
You feel more confident with your borrowed prowess.
You block the red devil's attack.
Okay, then.
Unknown command.
You can't go down here!
The red devil hits you but does no damage.
You have escaped!

#...#....................#
.)#..##...#####..........#
........#.# #..........##
........#.####.##..4...##
......#.#...##..#.######
........######''###
..........###.##4##
..........##.##...#
........#.##.##.@.##
...........#.##....##
......#.#..#.#8####.#
......#...###.......#
##.######.##############
#.# #..#..#........#
##.######.....#.>....###
..........###.#......#
...######## #....#####


You could see a red devil.

Vanquished Creatures
  the Royal Jelly (Slime:5)
  9 pandemonium lords
  6 orbs of fire
  Mara (Shoals:3)
  Mennas (Depths:4)
  8 ancient liches
  2 juggernauts
  25 greater mummies
  Saint Roka (Vaults:3)
  7 shard shrikes
  Frederick (Vaults:5)
  2 Killer Klowns (Zot:5)
  Geryon (Hell)
  Margery (Vaults:3)
  4 caustic shrikes
  3 curse toes
  Xtahua (Vaults:5)
  9 golden dragons
  12 bone dragons
  A profane servitor (Abyss:1)
  Arachne (Spider:4)
  2 electric golems
  the Enchantress (Depths:2)
  2 doom hounds
  5 iron giants (Dis:7)
  12 Tzitzimimeh
  12 Brimstone Fiends
  6 Ice Fiends (Coc:7)
  8 Hell Sentinels (Dis:7)
  17 tentacled monstrosities
  26 Orb Guardians
  24 acid blobs
  2 deep elf blademasters (Elf:3)
  A deep elf master archer (Elf:3)
  9 titans
  A quicksilver dragon (Zot:5)
  5 liches
  4 tentacled starspawn
  14 Executioners (Pan)
  8 ancient champions
  Frances (Spider:1)
  14 sphinxes
  5 death cobs
  17 storm dragons
  8 tengu reavers
  3 draconian monks
  7 shadow dragons
  Ilsuiw (Shoals:3)
  2 daevas (Pan)
  17 fire giants
  4 revenants
  9 deep elf sorcerers
  11 draconian scorchers
  9 azure jellies
  11 frost giants
  An orc warlord (Orc:2)
  8 ghost moths
  8 iron dragons
  13 vault wardens
  6 draconian knights
  10 cacodemons
  7 deep elf elementalists
  A warmonger (Pan)
  8 draconian shifters
  5 emperor scorpions
  3 curse skulls
  6 angels (Pan)
  11 balrugs (Pan)
  A ghoul (Vaults:4)
  29 reapers
  2 draconian stormcallers (Zot:4)
  6 draconian annihilators
  6 blood saints (Pan)
  6 spriggan defenders
  21 war gargoyles
  The ghost of zero the Severer, a journeyman GrBe of Trog (D:13)
  12 ironheart preservers
  16 very ugly things
  3 entropy weavers
  2 elemental wellsprings (Coc:7)
  10 ophanim (Pan)
  An apis (Pan)
  21 stone giants
  2 deep elf demonologists
  13 green draconians
  8 black suns
  16 bennus
  7 vampire knights
  14 black draconians
  14 corrupters (Pan)
  9 spark wasps
  17 deep elf annihilators
  A dire elephant (D:15)
  12 red draconians
  10 lorocyprocas
  10 yellow draconians
  10 purple draconians
  9 white draconians
  Snorg (Orc:1)
  3 eidola
  10 green deaths (Pan)
  5 deep elf death magi
  12 ettins
  A crystal guardian (Vaults:4)
  3 merfolk javelineers (Shoals:4)
  23 blizzard demons
  16 mummy priests
  19 yaktaur captains
  A minotaur (Lab)
  3 death oozes
  9 fire dragons
  7 merfolk impalers
  A quicksilver dragon zombie (Tar:2)
  11 jiangshi
  A hydra (shapeshifter) (Elf:3)
  3 great orbs of eyes (shapeshifter) (Abyss:4)
  17 great orbs of eyes
  12 hydras
  8 rakshasas
  35 vault guards
  7 deep elf high priests (Elf:3)
  15 ice dragons
  Fannar (Lair:1)
  12 spriggan air magi
  2 quicksilver dragon skeletons
  8 hell beasts
  A ghost crab (Tar:5)
  4 monstrous demonspawn (Pan)
  3 merfolk avatars
  8 merfolk aquamancers
  3 death knights
  39 two-headed ogres
  13 ogre magi
  10 centaur warriors
  6 satyrs
  16 deep troll earth magi
  4 hell hogs (Geh:7)
  A queen ant (Lair:6)
  9 deep troll shamans
  5 tengu warriors
  4 titan zombies
  A holy swine (Pan)
  2 orc high priests
  7 vampire magi
  3 death yaks (Depths:4)
  7 dancing weapons
  42 death scarabs
  6 spriggan berserkers
  3 storm dragon zombies
  A thrashing horror (Abyss:1)
  8 iron golems
  24 hell knights
  31 sun demons
  A shock serpent (shapeshifter) (Depths:3)
  18 soul eaters
  2 titan skeletons
  9 iron trolls
  12 deep elf knights
  25 large abominations
  A wretched star (Abyss:4)
  A salamander mystic (Depths:5)
  A fire crab (shapeshifter) (D:15)
  8 gelid demonspawn (Pan)
  11 sixfirhies (Pan)
  22 shadow wraiths
  11 unseen horrors
  10 infernal demonspawn (Pan)
  19 shadow demons
  45 deep trolls
  4 glowing orange brains
  38 skeletal warriors
  8 torturous demonspawn (Pan)
  A death drake (Tar:5)
  A golden dragon zombie (Dis:7)
  2 storm dragon skeletons
  26 sea snakes
  9 cherubim (Pan)
  2 spark wasp zombies (Hell)
  An anaconda zombie (Coc:2)
  A kraken simulacrum (Hell)
  8 wizards
  10 flayed ghosts
  8 deep elf archers
  2 golden dragon skeletons
  Pikel (D:4)
  15 harpies
  17 ironbrand convokers
  13 orc knights
  3 anaconda skeletons
  11 phantasmal warriors
  12 necromancers
  3 oklob plants (Lair:6)
  13 orb spiders
  3 shadow dragon zombies
  2 iron dragon zombies
  27 wolf spiders
  5 orc sorcerers
  A wolf spider zombie (Geh:7)
  4 salamanders
  A faun (shapeshifter) (Vaults:3)
  4 shadow dragon skeletons
  A mana viper (shapeshifter) (Abyss:4)
  2 stone giant zombies
  14 fauns
  3 fire giant zombies
  32 deep elf magi
  2 frost giant zombies
  5 cyclopes
  A cyclops (shapeshifter) (Abyss:4)
  An elephant (shapeshifter) (Elf:1)
  10 shining eyes
  A sphinx zombie (Crypt:2)
  32 ugly things
  A worldbinder (Zig:1)
  A frost giant skeleton (Hell)
  7 manticores
  18 moths of wrath
  An iron dragon skeleton (Abyss:2)
  26 rust devils
  2 guardian serpents
  4 molten gargoyles (Geh:7)
  6 eyes of devastation
  13 black mambas
  2 fire giant skeletons
  8 elephants
  A dire elephant zombie (Dis:4)
  2 ice statues
  A shock serpent zombie (Tomb:3)
  A water nymph (shapeshifter) (Depths:2)
  3 centaur zombies
  3 stone giant skeletons
  11 vault sentinels
  9 merfolk sirens
  24 smoke demons
  6 water nymphs
  A guardian serpent (shapeshifter) (Abyss:4)
  13 orange demons
  3 dire elephant skeletons
  2 torpor snails
  12 spiny frogs
  A spiny frog (shapeshifter) (Depths:2)
  4 storm dragon simulacra (Coc:7)
  4 gargoyles (Crypt:3)
  A centaur skeleton (D:14)
  6 komodo dragons
  5 spectral swamp worms (Depths:4)
  5 rime drakes
  19 demonic crawlers
  An emperor scorpion zombie (Coc:7)
  A catoblepas zombie (Hell)
  2 shock serpent skeletons
  20 freezing wraiths
  26 hellions
  5 anaconda simulacra
  20 ice devils
  A komodo dragon (shapeshifter) (Depths:4)
  64 yaktaurs
  An efreet (Pan)
  An ancient zyme (Abyss:1)
  37 guardian mummies
  2 tengu conjurers
  A golden dragon simulacrum (Coc:7)
  6 hydra zombies
  15 tormentors
  21 jumping spiders
  20 merfolk
  17 wind drakes
  19 red devils
  14 hellwings
  2 harpy zombies
  3 harpy skeletons
  9 trolls
  11 hornets
  A hornet (shapeshifter) (Abyss:4)
  4 hydra skeletons
  22 blink frogs
  3 fire dragon zombies
  A jumping spider zombie (Crypt:2)
  2 raiju
  Prince Ribbit (Lair:2)
  89 slime creatures
  3 alligator zombies
  11 dream sheep
  A slime creature (shapeshifter) (Depths:4)
  A dream sheep (shapeshifter) (Zig:5)
  A hippogriff (shapeshifter) (Abyss:2)
  9 hippogriffs
  6 snapping turtles
  2 ice dragon zombies
  3 ettin skeletons
  An alligator skeleton (Coc:7)
  3 ettin zombies
  5 shadows
  64 redbacks
  3 air elementals
  Sigmund (D:4)
  48 flying skulls
  8 ice dragon skeletons
  2 fire dragon skeletons
  5 spriggans
  25 tarantellas
  12 wraiths
  4 wyverns
  17 ynoxinuls
  A black mamba zombie (Geh:7)
  A tarantella (shapeshifter) (Depths:3)
  20 water elementals
  A dire elephant simulacrum (Coc:7)
  8 ushabtiu
  2 steam dragons (Zig:3)
  21 chaos spawn
  2 black mamba skeletons
  27 yaks
  4 hungry ghosts
  2 basilisks
  2 fire elementals
  17 humans (D:14)
  12 neqoxecs
  10 small abominations
  2 golden eyes
  2 vampire mosquitoes (D:15)
  A golden eye (shapeshifter) (Abyss:1)
  A warg (Vaults:1)
  Edmund (D:6)
  The ghost of 4thArraOfDagon the Chiller, an amateur OpIE (D:5)
  A tengu zombie (Hell)
  15 water moccasins
  37 hell hounds
  20 soldier ants (Lair:6)
  Duvessa (D:4)
  3 acid dragons
  A water moccasin (shapeshifter) (Depths:2)
  A floating eye (Pan)
  10 porcupines
  2 spiny frog zombies
  A floating eye (shapeshifter) (Vaults:5)
  2 hydra simulacra (Coc:7)
  A sky beast (D:6)
  A swamp drake (Zig:3)
  A black bear (D:10)
  An ettin simulacrum (Abyss:1)
  A dream sheep zombie (Crypt:1)
  An ice beast (shapeshifter) (Vaults:5)
  6 phantoms
  A black bear (shapeshifter) (Vaults:5)
  A manticore zombie (Tomb:1)
  A black mamba simulacrum (Tomb:3)
  9 eyes of draining
  2 snapping turtle zombies
  3 necrophages
  14 boggarts
  A swamp dragon zombie (Coc:7)
  A lindwurm zombie (Crypt:2)
  37 orc warriors
  9 wolves
  12 centaurs
  27 ogres
  A manticore skeleton (Tar:7)
  A snapping turtle skeleton (Pan)
  9 crocodiles
  2 elf zombies
  2 big kobolds
  Blork the orc (D:6)
  12 bullfrogs
  2 earth elementals
  A wyvern zombie (D:7)
  A merfolk simulacrum (Hell)
  A glowing shapeshifter simulacrum (Vaults:1)
  A spiny frog simulacrum (Hell)
  A draconian skeleton (Crypt:2)
  An elf skeleton (Tar:1)
  Dowan (D:4)
  4 scorpions
  A spriggan zombie (Dis:7)
  3 killer bees (D:11)
  21 wights
  A troll skeleton (Tar:2)
  An electric eel (Spider:3)
  6 crimson imps
  17 starcursed masses
  2 quasits
  6 jellies
  26 orc priests
  A yaktaur simulacrum (Vaults:1)
  6 hounds
  8 human zombies
  30 iron imps
  2 bullfrog skeletons
  A demonspawn skeleton (Crypt:1)
  A gnoll shaman (D:7)
  4 human skeletons
  2 iguanas (D:8)
  Terence (D:2)
  36 orc wizards
  8 hell rats
  25 worker ants
  A deep dwarf skeleton (Crypt:2)
  35 mummies
  A worker ant zombie (D:8)
  20 gnolls
  A howler monkey skeleton (D:9)
  4 adders
  11 shadow imps
  11 white imps
  4 ufetubi (Abyss:1)
  An iguana skeleton (Crypt:2)
  An adder skeleton (D:8)
  3 worms
  2 dart slugs
  4 leopard geckos
  97 orcs
  2 bats
  12 giant cockroaches
  5 goblins
  7 hobgoblins
  3 jackals (D:2)
  2 quokkas
  A ball python (D:2)
  4 frilled lizards
  13 kobolds
  A kobold simulacrum (Hell)
  An orc skeleton (Tar:1)
  4 orc zombies
  A quokka skeleton (D:8)
  4 rats
  A fungus (Lair:6)
  A lurking horror (Abyss:1)
  5 plants
  A starspawn tentacle (Abyss:1)
3593 creatures vanquished.

Vanquished Creatures (collateral kills)
  A blizzard demon (Coc:3)
  A two-headed ogre (D:12)
  A titan zombie (Coc:3)
  A centaur skeleton (D:12)
  An ice devil (Coc:3)
  An orc warrior (D:12)
  A worker ant (D:12)
  A white imp (Coc:3)
8 creatures vanquished.

Vanquished Creatures (others)
  A greater mummy (Tomb:1)
  A Killer Klown (Zot:5)
  An Orb Guardian (Zot:5)
  4 eldritch tentacles
  A draconian knight (Zot:4)
  A reaper (Hell)
  2 elemental wellsprings (Coc:7)
  A purple draconian (Zot:3)
  A lorocyproca (Pan)
  A white draconian (Zot:3)
  A quicksilver dragon zombie (Tomb:2)
  A green death (Pan)
  A mummy priest (Tomb:1)
  An ogre mage (Depths:3)
  38 death scarabs
  A flayed ghost (Geh:7)
  A large abomination (Pan)
  An orb spider (Spider:4)
  A deep elf mage (Elf:1)
  A tormentor (Coc:7)
  A hydra zombie (Coc:7)
  2 wind drakes (Pan)
  10 flying skulls
  A wraith (Coc:7)
  An ushabti (Tomb:3)
  An acid dragon (Zig:3)
  An ogre (Vaults:3)
  4 iron imps (Dis:7)
  A mummy (Tomb:2)
  A shadow imp (Tar:5)
  2 white imps
  A ball python (D:4)
  2 fire vortices (Pan)
  6 fungi
  A lurking horror (Abyss:4)
  8 plants
  7 starspawn tentacles
  4 tentacles (Hell)
  6 withered plants (Crypt:3)
121 creatures vanquished.

Grand Total: 3722 creatures vanquished

Notes
Turn   | Place    | Note
-------+----------+-------------------------------------------
     0 | D:1      | 4thArraOfDagon the Vampire Enchanter began the quest for the Orb.
     0 | D:1      | Reached XP level 1. HP: 13/13 MP: 3/3
   216 | D:2      | Noticed Terence
   266 | D:3      | Found an iron altar of Okawaru.
   278 | D:3      | Reached XP level 2. HP: 19/19 MP: 5/5
   284 | D:3      | Became a worshipper of Warmaster Okawaru
   518 | D:4      | Learned a level 2 spell: Ensorcelled Hibernation
   523 | D:4      | Found Qageroys's Antique Weapon Emporium.
   524 | D:4      | Noticed Dowan
   554 | D:5      | Entered Level 5 of the Dungeon
   595 | D:5      | Found Plog's Gadget Boutique.
   598 | D:5      | Found Iheat's Jewellery Emporium.
   622 | D:5      | Found Desianat's Jewellery Boutique.
   626 | D:5      | :/
   633 | D:5      | Noticed 4thArraOfDagon's ghost (amateur OpIE)
   669 | D:5      | Reached skill level 1 in Long Blades
   679 | D:5      | Gained mutation: You are frail. (-10% HP) [potion of mutation]
   679 | D:5      | Gained mutation: You have sharp toenails. [potion of mutation]
   679 | D:5      | Gained mutation: You evolve. [potion of mutation]
   870 | D:4      | Reached XP level 3. HP: 17/21 MP: 3/6
   877 | D:4      | Learned a level 3 spell: Confuse
   878 | D:4      | Noticed Sigmund
  1129 | D:2      | Reached XP level 4. HP: 27/27 MP: 4/7
  1149 | D:2      | Killed Terence
  1267 | D:2      | Found a shadowy altar of Dithmenos.
  1288 | D:2      | Gained mutation: You are dopey. (Int -2) [evolution]
  1313 | D:2      | HP: 1/27 [giant cockroach (2)]
  1537 | D:2      | Lost mutation: You are dopey. (Int -2) [potion of mutation]
  1537 | D:2      | Lost mutation: You evolve. [potion of mutation]
  1537 | D:2      | Gained mutation: You are partially covered in yellow scales. (AC +2) [potion of mutation]
  1537 | D:2      | Gained mutation: You can translocate small distances at will. [potion of mutation]
  1537 | D:2      | Lost mutation: You are frail. (-10% HP) [potion of mutation]
  1537 | D:2      | Gained mutation: You have a pair of small horns on your head. [potion of mutation]
  1648 | D:2      | Reached XP level 5. HP: 26/36 MP: 4/8
  2202 | D:6      | Noticed a sky beast
  2212 | D:6      | Reached * piety under Okawaru
  2212 | D:6      | Reached skill level 1 in Fighting
  2212 | D:6      | Reached skill level 1 in Invocations
  2223 | D:6      | Killed a sky beast
  2223 | D:6      | Reached XP level 6. HP: 43/43 MP: 6/9
  2238 | D:6      | Found the ring of the Octopus King
  2246 | D:6      | Got a ring of the Octopus King
  2252 | D:6      | Identified a ring of the Octopus King {MP+9 AC+1 EV+1 Str+1 Int+1 Dex+1} (You found it on level 6 of the Dungeon)
  2304 | D:6      | Reached skill level 5 in Long Blades
  2308 | D:6      | Reached skill level 2 in Invocations
  2362 | D:6      | Reached ** piety under Okawaru
  2362 | D:6      | Reached XP level 7. HP: 48/50 MP: 10/10
  2454 | D:6      | Noticed Edmund
  2466 | D:6      | Killed Edmund
  2516 | D:5      | Found an opulent altar of Gozag.
  2610 | D:6      | Found a hazy altar of Hepliaklqana.
  2611 | D:6      | Found a sparkling altar of Nemelex Xobeh.
  2611 | D:6      | Found a deep blue altar of Sif Muna.
  2642 | D:6      | Found a stormy altar of Qazlal.
  2692 | D:7      | Reached skill level 3 in Invocations
  2692 | D:7      | Reached XP level 8. HP: 42/57 MP: 11/11
  2752 | D:7      | Found a staircase to the Ecumenical Temple.
  3178 | D:7      | Reached *** piety under Okawaru
  3178 | D:7      | Reached skill level 5 in Dodging
  3273 | D:8      | Reached skill level 5 in Hexes
  3327 | D:8      | Reached skill level 4 in Invocations
  3349 | D:8      | Noticed a hippogriff
  3387 | D:8      | Killed a hippogriff
  3390 | D:8      | Reached XP level 9. HP: 62/65 MP: 12/12
  3587 | D:8      | Reached **** piety under Okawaru
  3723 | D:9      | Received a gift from Okawaru
  3807 | D:9      | Learned a level 1 spell: Apportation
  3916 | D:9      | Noticed a troll
  3941 | D:9      | Killed a troll
  3941 | D:9      | Reached skill level 5 in Invocations
  3959 | D:9      | Reached ***** piety under Okawaru
  3975 | D:9      | Reached skill level 5 in Fighting
  3975 | D:9      | Reached XP level 10. HP: 45/74 MP: 13/13
  4198 | D:10     | Entered Level 10 of the Dungeon
  4232 | D:10     | Noticed a two-headed ogre
  4263 | D:10     | Killed a two-headed ogre
  4286 | D:10     | Received a gift from Okawaru
  4425 | D:10     | Reached skill level 10 in Long Blades
  4693 | D:10     | Found a staircase to the Lair.
  4714 | D:11     | Identified a scroll of acquirement
  4715 | D:11     | Got a twisted rapier
  4716 | D:11     | Identified the +6 rapier of Docimn {pierce, rF+ Int+4 Dex+2} (You acquired it on level 11 of the Dungeon)
  4717 | D:11     | :(
  4734 | D:11     | Reached skill level 6 in Invocations
  4781 | D:11     | Received a gift from Okawaru
  4782 | D:11     | Found the +3 pair of gauntlets of War {Slay+5}
  4848 | D:11     | Noticed an orc knight
  4887 | D:11     | Noticed a brown ugly thing
  4888 | D:11     | Noticed a cyclops
  4905 | D:11     | Killed a brown ugly thing
  4919 | D:11     | Killed a cyclops
  4919 | D:11     | Reached XP level 11. HP: 75/81 MP: 6/15
  4969 | D:11     | Found a roughly hewn altar of Beogh.
  4969 | D:11     | Found a staircase to the Orcish Mines.
  4973 | D:11     | Noticed 4thArraOfDagon's ghost (novice OpIE)
  4976 | D:11     | Found a labyrinth entrance.
  4986 | Lab      | Entered a labyrinth
  5165 | Lab      | Noticed a minotaur
  5182 | Lab      | Killed a minotaur
  5191 | Lab      | Got an ancient cloak
  5194 | D:11     | FUCK
  5222 | D:10     | 4thArraOfDagon: missed statue form, controlled blink
  5222 | D:10     | 4thArraOfDagon: missed free win :(
  5236 | D:10     | Identified the cursed +0 cloak "Nonlum" {-Tele rPois rC+} (You found it in a labyrinth)
  5540 | D:5      | Killed 4thArraOfDagon's ghost
  5540 | D:5      | Reached ****** piety under Okawaru
  5937 | D:4      | Noticed Pikel
  5953 | D:4      | Killed Pikel
  6044 | D:4      | Killed Sigmund
  6069 | D:4      | Noticed Duvessa
  6096 | D:4      | Killed Duvessa
  6109 | D:4      | Killed Dowan
  6948 | D:5      | Found Ramireg's Assorted Antiques.
  6955 | D:5      | Bought a scroll labeled KUMAFA MIOZUB for 22 gold pieces
  6955 | D:5      | Bought a slimy large shield for 209 gold pieces
  7267 | D:6      | Noticed Blork the orc
  7291 | D:6      | Killed Blork the orc
  8345 | D:12     | Noticed a two-headed ogre
  8369 | D:12     | Received a gift from Okawaru
  8390 | D:12     | Killed a two-headed ogre
  8567 | D:12     | Reached skill level 10 in Hexes
  8595 | D:12     | Got a smoking tin ring
  8597 | D:12     | Identified the ring of Ginotiudd {*Corrode rElec rPois MR+ Int+3} (You found it on level 12 of the Dungeon)
  8617 | D:13     | Noticed a brown ugly thing
  8635 | D:13     | Killed a brown ugly thing
  8651 | D:13     | Got a dazzling buckler
  8669 | D:13     | Noticed a purple ugly thing
  8691 | D:13     | Killed a purple ugly thing
  8691 | D:13     | Reached skill level 7 in Invocations
  8734 | D:13     | Noticed zero's ghost (journeyman GrBe)
  9058 | D:13     | Noticed a two-headed ogre
  9086 | D:13     | Killed a two-headed ogre
  9123 | D:13     | Received a gift from Okawaru
  9124 | D:13     | Got a pair of faintly humming gloves {god gift}
  9156 | D:13     | Noticed a cyan ugly thing
  9178 | D:13     | Killed a cyan ugly thing
  9293 | D:14     | Identified the +2 buckler of Democracy {Str+5} (You acquired it on level 13 of the Dungeon)
  9303 | D:14     | Identified the +2 large shield "Ciupha" {Regen+} (You bought it in a shop on level 5 of the Dungeon)
  9384 | D:14     | Noticed a necromancer
  9409 | D:14     | Killed a necromancer
  9409 | D:14     | Reached skill level 1 in Shields
  9409 | D:14     | Reached XP level 12. HP: 91/91 MP: 17/17
  9525 | D:14     | Noticed a vault guard
  9551 | D:14     | Killed a vault guard
  9604 | D:14     | Noticed a vault guard
  9629 | D:14     | Killed a vault guard
  9725 | D:14     | Found a gate to the Vaults.
  9772 | D:14     | Received a gift from Okawaru
  9816 | D:14     | Noticed a centaur warrior
  9823 | D:14     | Reached skill level 8 in Invocations
  9828 | D:14     | Killed a centaur warrior
  9891 | D:15     | Entered Level 15 of the Dungeon
  9967 | D:15     | Found a basalt altar of Yredelemnul.
 10051 | D:15     | Noticed a centaur warrior
 10067 | D:15     | Killed a centaur warrior
 10160 | D:15     | Noticed a centaur warrior
 10172 | D:15     | Noticed a centaur warrior
 10172 | D:15     | Killed a centaur warrior
 10177 | D:15     | Killed a centaur warrior
 10178 | D:15     | Reached skill level 5 in Shields
 10255 | D:15     | Reached skill level 10 in Dodging
 10255 | D:15     | Reached XP level 13. HP: 88/98 MP: 19/19
 10321 | D:15     | Received a gift from Okawaru
 10666 | Orc:1    | Entered Level 1 of the Orcish Mines
 10666 | Orc:1    | Noticed Snorg
 10734 | Orc:1    | Found a roughly hewn altar of Beogh.
 10976 | Orc:2    | Entered Level 2 of the Orcish Mines
 11149 | Orc:2    | Found a staircase to the Elven Halls.
 11192 | Orc:2    | Noticed Donald
 11235 | Orc:2    | Noticed an orc warlord
 11255 | Orc:2    | Received a gift from Okawaru
 11276 | Orc:2    | Killed an orc warlord
 11374 | Orc:2    | Found a roughly hewn altar of Beogh.
 11405 | Orc:2    | Reached skill level 9 in Invocations
 11490 | Orc:2    | Found Mucvin's General Store.
 11527 | Orc:2    | Found Bofabrinn's Antique Weapon Shop.
 11543 | Orc:2    | Found Zyllorgh's Antique Armour Shop.
 11560 | Orc:2    | Found Rirphume's Book Shop.
 11567 | Orc:2    | Bought a book of the Earth for 1040 gold pieces
 11574 | Orc:2    | Learned a level 6 spell: Statue Form
 11591 | Orc:2    | Bought the +1 robe "Pitwyoki" {rC+ Regen+ rCorr Slay+5} for 740 gold pieces
 11675 | Elf:1    | Entered Level 1 of the Elven Halls
 11675 | Elf:1    | Noticed a deep elf death mage
 11679 | Elf:1    | Killed a deep elf death mage
 11806 | Elf:1    | Reached skill level 1 in Transmutations
 11806 | Elf:1    | Reached XP level 14. HP: 94/108 MP: 20/20
 11815 | Elf:1    | Reached skill level 1 in Earth Magic
 11838 | Elf:1    | Received a gift from Okawaru
 12440 | Elf:3    | Entered Level 3 of the Elven Halls
 12504 | Elf:3    | Found Ohelakki's Gadget Shop.
 12738 | Elf:3    | Identified the +0 pair of gloves of Refuge {rPois rF+ Int-3 Dex+3} (Okawaru gifted it to you on level 13 of the Dungeon)
 12772 | Elf:3    | Received a gift from Okawaru
 12790 | Elf:3    | Reached skill level 5 in Transmutations
 12829 | Elf:3    | Noticed a deep elf blademaster
 12846 | Elf:3    | Killed a deep elf blademaster
 12852 | Elf:3    | Noticed a deep elf sorcerer
 12865 | Elf:3    | Killed a deep elf sorcerer
 12878 | Elf:3    | Noticed a deep elf sorcerer
 12898 | Elf:3    | Noticed a deep elf blademaster
 12912 | Elf:3    | Killed a deep elf blademaster
 12975 | Elf:3    | Reached skill level 5 in Earth Magic
 13001 | Elf:3    | Received a gift from Okawaru
 13056 | Elf:3    | Noticed a deep elf elementalist
 13072 | Elf:3    | Killed a deep elf elementalist
 13072 | Elf:3    | Reached skill level 15 in Long Blades
 13072 | Elf:3    | Reached XP level 15. HP: 112/113 MP: 21/21
 13096 | Elf:3    | Killed a deep elf sorcerer
 13106 | Elf:3    | Noticed a deep elf sorcerer
 13128 | Elf:3    | Killed a deep elf sorcerer
 13258 | Elf:3    | Received a gift from Okawaru
 13259 | Elf:3    | Got a bloodstained scimitar {god gift}
 13322 | Elf:3    | Identified the +10 scimitar "Dragonslayer" {drain, Int+4 Dex+3} (Okawaru gifted it to you on level 3 of the Elven Halls)
 13381 | Elf:3    | Noticed a deep elf master archer
 13398 | Elf:3    | Killed a deep elf master archer
 13408 | Elf:3    | Noticed a deep elf sorcerer
 13413 | Elf:3    | Killed a deep elf sorcerer
 13487 | Elf:3    | Received a gift from Okawaru
 13487 | Elf:3    | Reached skill level 5 in Spellcasting
 13490 | Elf:3    | Got a twisted triple sword {god gift}
 13518 | Elf:3    | Identified the +1 triple sword of Eternal War {flame, rC+ MR+} (Okawaru gifted it to you on level 3 of the Elven Halls)
 13541 | Elf:3    | Noticed a deep elf sorcerer
 13547 | Elf:3    | Noticed a deep elf sorcerer
 13557 | Elf:3    | Killed a deep elf sorcerer
 13561 | Elf:3    | Killed a deep elf sorcerer
 13605 | Elf:3    | Received a gift from Okawaru
 13625 | Elf:3    | Got a bloodstained double sword {god gift}
 13651 | Elf:3    | Identified the +1 double sword "Quxzy" {freeze, +Blink Int+2} (Okawaru gifted it to you on level 3 of the Elven Halls)
 13681 | Elf:3    | Identified the Guide on Moulding and the Birds
 13724 | Elf:3    | Identified the Catalogue of Creation
 13746 | Elf:3    | Learned a level 2 spell: Blink
 13750 | Elf:3    | Learned a level 2 spell: Swiftness
 13957 | Elf:2    | Found a huge runed gate.
 13957 | Elf:2    | Found a huge runed gate.
 13957 | Elf:2    | Found a huge runed gate.
 13958 | Elf:2    | Found a huge runed gate.
 13958 | Elf:2    | Found a huge runed gate.
 14116 | Orc:1    | Killed Snorg
 14270 | Lair:1   | Entered Level 1 of the Lair of Beasts
 14332 | Lair:1   | Found an iron altar of Okawaru.
 14355 | Lair:1   | Noticed Fannar
 14369 | Lair:1   | Killed Fannar
 14544 | Lair:2   | Found a staircase to the Shoals.
 14626 | Lair:2   | Received a gift from Okawaru
 14640 | Lair:2   | Noticed Prince Ribbit
 14652 | Lair:2   | Killed Prince Ribbit
 14659 | Lair:2   | Reached XP level 16. HP: 120/120 MP: 25/25
 15054 | Lair:3   | Got an encrusted hat
 15060 | Lair:3   | Identified the +3 hat of the Beekeeper {*Contam rElec rN++ Regen+} (You found it on level 3 of the Lair of Beasts)
 15145 | Lair:4   | Found a hole to the Spider Nest.
 15153 | Lair:4   | Reached skill level 10 in Transmutations
 15479 | Lair:6   | Entered Level 6 of the Lair of Beasts
 15679 | Lair:5   | Found a staircase to the Slime Pits.
 15777 | Lair:6   | Received a gift from Okawaru
 15965 | Lair:6   | Found a burning altar of Makhleb.
 15991 | Lair:6   | Reached skill level 10 in Earth Magic
 16020 | Lair:6   | Found a gateway to Hell.
 16033 | Lair:6   | Learned a level 3 spell: Regeneration
 16037 | Lair:6   | Learned a level 3 spell: Spectral Weapon
 16040 | Lair:6   | Learned a level 2 spell: Song of Slaying
 16208 | Lair:6   | Received a gift from Okawaru
 16698 | Spider:1 | Entered Level 1 of the Spider Nest
 16841 | Spider:2 | Received a gift from Okawaru
 16842 | Spider:2 | Got a transparent hat {god gift}
 16843 | Spider:2 | Identified the +0 hat of Impermeability {rPois rCorr Str+4 Slay+3} (Okawaru gifted it to you on level 2 of the Spider Nest)
 16949 | Spider:2 | Got a pair of encrusted boots
 16960 | Spider:2 | Identified the +2 pair of boots of the Gloaming {Str+3} (You found it on level 2 of the Spider Nest)
 16999 | Spider:1 | Noticed Frances
 17008 | Spider:1 | Killed Frances
 17041 | Spider:1 | Reached XP level 17. HP: 125/125 MP: 27/27
 17363 | Spider:3 | Reached skill level 10 in Shields
 17452 | Spider:3 | Received a gift from Okawaru
 17660 | Spider:4 | Entered Level 4 of the Spider Nest
 17841 | Spider:4 | Noticed Arachne
 17854 | Spider:4 | Killed Arachne
 18015 | Spider:4 | Received a gift from Okawaru
 18119 | Spider:4 | Received a gift from Okawaru
 18125 | Spider:4 | Got a gossamer rune of Zot
 18130 | Spider:4 | Got a pair of distressingly furry boots {god gift}
 18141 | Spider:4 | Identified the +0 pair of boots of the Dungeon {Int+2} (Okawaru gifted it to you on level 4 of the Spider Nest)
 18305 | Shoals:1 | Entered Level 1 of the Shoals
 18418 | Shoals:2 | Found a runed door.
 18537 | Shoals:3 | Noticed Mara
 18560 | Shoals:3 | Reached XP level 18. HP: 127/132 MP: 30/30
 18576 | Shoals:3 | Noticed 4thArraOfDagon's illusion
 18576 | Shoals:3 | Killed Mara
 18576 | Shoals:3 | Reached skill level 1 in Armour
 18698 | Shoals:3 | Found Hyeraite's Food Emporium.
 18761 | Shoals:3 | Noticed Ilsuiw
 18784 | Shoals:3 | Killed Ilsuiw
 18784 | Shoals:3 | Received a gift from Okawaru
 19112 | Shoals:3 | Learned a level 8 spell: Controlled Blink
 19156 | Shoals:4 | Entered Level 4 of the Shoals
 19174 | Shoals:4 | Received a gift from Okawaru
 19217 | Shoals:4 | Noticed Roxanne
 19339 | Shoals:4 | Rhok: is that my suggestion? :p
 19357 | Shoals:4 | Rhok: what did i say, vampire -something
 19467 | Shoals:4 | Got a barnacled rune of Zot
 19565 | Shoals:4 | Identified the amulet of the Middle {Faith Str+5} (You found it on level 4 of the Shoals)
 19688 | Shoals:4 | Identified the +1 ring mail "Jijiryce" {rF+ rC+ Int+7} (You found it on level 4 of the Shoals)
 20010 | Shoals:2 | Received a gift from Okawaru
 20173 | Slime:1  | Entered Level 1 of the Pits of Slime
 20290 | Slime:1  | Reached XP level 19. HP: 140/140 MP: 31/31
 20415 | Slime:1  | Reached skill level 10 in Fighting
 20465 | Slime:2  | Gained mutation: Your body sometimes deteriorates upon taking damage. [a shining eye]
 20555 | Slime:4  | Gained mutation: You are frail. (-10% HP) [a shining eye]
 20556 | Slime:4  | Gained mutation: Your mind is acute. (Int +2) [a shining eye]
 20568 | Slime:5  | Entered Level 5 of the Pits of Slime
 20596 | Slime:5  | Received a gift from Okawaru
 20598 | Slime:5  | Reached skill level 1 in Translocations
 20718 | Slime:5  | Found a viscous altar of Jiyva.
 20720 | Slime:5  | Gained mutation: You are weak. (Str -2) [a shining eye]
 20725 | Slime:5  | Found the +8 autumn katana {slice, Clar}
 20784 | Slime:5  | Noticed the Royal Jelly
 20795 | Slime:5  | Killed the Royal Jelly
 20795 | Slime:5  | Received a gift from Okawaru
 20795 | Slime:5  | Received a gift from Okawaru
 20795 | Slime:5  | Reached skill level 10 in Invocations
 20832 | Slime:5  | Lost mutation: Your mind is acute. (Int +2) [a shining eye]
 20932 | Slime:5  | Lost mutation: You are frail. (-10% HP) [potion of mutation]
 20932 | Slime:5  | Gained mutation: You passively map a small area around you. [potion of mutation]
 20933 | Slime:5  | Identified the Papyrus of Freezing Beguiling
 20934 | Slime:5  | Identified the Collected Works on Dislocated Ice
 20951 | Slime:5  | Got a slimy rune of Zot
 21026 | Slime:4  | Received a gift from Okawaru
 21457 | D:13     | Killed zero's ghost
 21457 | D:13     | Received a gift from Okawaru
 21479 | Vaults:1 | Entered Level 1 of the Vaults
 21487 | Vaults:1 | Reached XP level 20. HP: 148/148 MP: 32/32
 21965 | Vaults:1 | Reached skill level 5 in Translocations
 22021 | Vaults:1 | Received a gift from Okawaru
 22160 | Vaults:3 | Found a staircase to the Crypt.
 22270 | Vaults:3 | Rhok: !hs * vpen
 22274 | Vaults:3 | beem: 63344. 4thArraOfDagon the Red Sash (L27 VpEn of Wu Jian), escaped with the Orb and 15 runes on 2017-07-12 13:22:27, with 33072896 points after 44650 turns and 5:40:20.
 22411 | Vaults:3 | Noticed Saint Roka
 22432 | Vaults:3 | Killed Saint Roka
 22611 | Vaults:3 | Received a gift from Okawaru
 22612 | Vaults:3 | Identified the +6 scale mail of Gagud {rC- Int+2 Dex+6 SInv} (Okawaru gifted it to you on level 3 of the Vaults)
 23073 | Vaults:4 | Reached XP level 21. HP: 156/156 MP: 34/34
 23199 | Vaults:5 | Entered Level 5 of the Vaults
 23202 | Vaults:5 | Noticed a golden dragon
 23258 | Vaults:4 | Reached skill level 11 in Invocations
 23322 | Vaults:5 | Noticed Xtahua
 23358 | Vaults:5 | Noticed an ancient lich
 23367 | Vaults:5 | Killed an ancient lich
 23514 | Vaults:5 | Received a gift from Okawaru
 23577 | Vaults:5 | Identified the +4 long sword of Xeh Eloa {venom, rN++ Str+4 Dex-5} (You took it off an entropy weaver on level 5 of the Vaults)
 23593 | Vaults:5 | Noticed an ancient lich
 23607 | Vaults:5 | Killed an ancient lich
 23607 | Vaults:5 | Reached skill level 15 in Shields
 23627 | Vaults:5 | Noticed Frederick
 23647 | Vaults:5 | Killed Frederick
 23672 | Vaults:5 | Identified the +2 scimitar "Beastbane" {slice, +Fly rPois} (You found it on level 5 of the Vaults)
 23701 | Vaults:5 | Identified the +1 hat of Zuelogod {-Tele rElec rPois Dex+2} (You found it on level 5 of the Vaults)
 23776 | Vaults:5 | Received a gift from Okawaru
 23796 | Vaults:5 | Killed a golden dragon
 23799 | Vaults:5 | Noticed a golden dragon
 23845 | Vaults:5 | HP: 8/205 [tengu reaver/long sword of draining (3)]
 23852 | Vaults:5 | Killed Xtahua
 23852 | Vaults:5 | Reached skill level 15 in Dodging
 23858 | Vaults:5 | Noticed a golden dragon
 23859 | Vaults:5 | Reached skill level 10 in Spellcasting
 23915 | Vaults:5 | Reached XP level 22. HP: 104/165 MP: 36/36
 24059 | Vaults:5 | Got a silver rune of Zot
 24118 | Vaults:5 | Killed a golden dragon
 24118 | Vaults:5 | Received a gift from Okawaru
 24119 | Vaults:5 | Got a pitted scimitar {god gift}
 24120 | Vaults:5 | Identified the +5 scimitar "Eralethy" {speed, MR+ Int+4} (Okawaru gifted it to you on level 5 of the Vaults)
 24353 | Vaults:5 | Killed a golden dragon
 24353 | Vaults:5 | Received a gift from Okawaru
 24415 | Vaults:5 | HP: 10/214 [shadow dragon (3)]
 24769 | Vaults:4 | Received a gift from Okawaru
 25334 | D:15     | Found a staircase to the Depths.
 25356 | Depths:1 | Entered Level 1 of the Depths
 25399 | Depths:1 | Found a gateway to a ziggurat.
 25615 | Depths:1 | Found Ytse's Gadget Boutique.
 25617 | Depths:1 | Found Lijif's Jewellery Shoppe.
 25618 | Depths:1 | Found Zeni's Gadget Boutique.
 25624 | Depths:1 | Bought the macabre finger necklace {rN+} for 680 gold pieces
 25624 | Depths:1 | Found the macabre finger necklace {rN+}
 25743 | Depths:1 | Reached skill level 12 in Invocations
 25770 | Depths:1 | Reached XP level 23. HP: 171/171 MP: 37/37
 25821 | Depths:1 | Found a large runed door.
 25822 | Depths:1 | Found a large runed door.
 25903 | Depths:2 | Found Goliet's Magic Scroll Emporium.
 25903 | Depths:2 | Found Zaikoj's Gadget Shoppe.
 26005 | Depths:2 | Received a gift from Okawaru
 26146 | Depths:2 | Noticed the Enchantress
 26177 | Depths:2 | Reached skill level 10 in Translocations
 26210 | Depths:2 | Killed the Enchantress
 26247 | Depths:2 | Identified the +3 faerie dragon scales {+Inv rCorr Int+3 Dex-2} (You took it off the Enchantress on level 2 of the Depths)
 26540 | Depths:2 | Noticed a juggernaut
 26544 | Depths:2 | Got a heavily runed plate armour
 26562 | Depths:2 | Killed a juggernaut
 26810 | Depths:2 | Received a gift from Okawaru
 26814 | Depths:2 | Got an ancient plate armour {god gift}
 27086 | Depths:3 | Found a one-way gate leading to the halls of Pandemonium.
 27098 | Depths:3 | Found a glowing golden altar of the Shining One.
 27099 | Depths:3 | Found a shadowy altar of Dithmenos.
 27099 | Depths:3 | Found a burning altar of Makhleb.
 27358 | Depths:3 | Noticed a caustic shrike
 27365 | Depths:3 | Killed a caustic shrike
 27374 | Depths:3 | Noticed a caustic shrike
 27378 | Depths:3 | Killed a caustic shrike
 27478 | Depths:3 | Reached XP level 24. HP: 180/180 MP: 38/38
 27596 | Depths:3 | Received a gift from Okawaru
 28131 | Depths:4 | Identified the +2 plate armour of Onitzefi {Str+5} (Okawaru gifted it to you on level 2 of the Depths)
 28148 | Depths:4 | Received a gift from Okawaru
 28187 | Depths:4 | Found a one-way gate to the infinite horrors of the Abyss.
 28192 | Depths:4 | Noticed Mennas
 28225 | Depths:4 | Killed Mennas
 28244 | Depths:4 | Reached skill level 13 in Invocations
 28372 | Depths:4 | Identified the +6 plate armour "Buosch" {Str+3} (You found it on level 2 of the Depths)
 28402 | Depths:5 | Entered Level 5 of the Depths
 28496 | Depths:4 | Received a gift from Okawaru
 28512 | Depths:4 | Got an encrusted scale mail {god gift}
 28873 | Depths:5 | Reached XP level 25. HP: 188/188 MP: 39/39
 28875 | Depths:5 | Found a gate to the Realm of Zot.
 29125 | Depths:5 | Noticed a juggernaut
 29146 | Depths:5 | Killed a juggernaut
 29565 | Zig:1    | Entered Level 1 of a ziggurat
 29585 | Zig:2    | Entered Level 2 of a ziggurat
 29588 | Zig:2    | Noticed Zityreg the pandemonium lord
 29635 | Zig:2    | Killed Zityreg the pandemonium lord
 29645 | Zig:2    | Got a coiled garnet amulet
 29648 | Zig:3    | Entered Level 3 of a ziggurat
 29671 | Zig:3    | Received a gift from Okawaru
 29696 | Zig:4    | Entered Level 4 of a ziggurat
 29707 | Zig:4    | Noticed Tucanar the pandemonium lord
 29720 | Zig:4    | Killed Tucanar the pandemonium lord
 29872 | Zig:5    | Entered Level 5 of a ziggurat
 29940 | Zig:5    | Identified the amulet of Monotheism {Gourm rElec rN+} (You found it on level 2 of a ziggurat)
 29950 | Zig:6    | Entered Level 6 of a ziggurat
 30013 | Zig:6    | Identified the +1 scale mail of Kuow {+Fly rCorr Str+4 Int-2} (Okawaru gifted it to you on level 4 of the Depths)
 30020 | Zig:6    | Identified Nasugocw's Incunabulum of Toxins and Dislocation
 30026 | Zig:6    | Learned a level 4 spell: Passage of Golubria
 30027 | Zig:6    | Identified the +1 scale mail of Moral Flaws {*Drain +Blink Str-3 Stlth+} (You found it on level 6 of a ziggurat)
 30031 | Zig:7    | Entered Level 7 of a ziggurat
 30134 | Zig:7    | Got a transparent jade ring
 30136 | Zig:7    | Identified the ring of Eganoiv {+Blink EV+3 Dex+3 Stlth+} (You found it on level 7 of a ziggurat)
 30142 | Zig:8    | Entered Level 8 of a ziggurat
 30244 | Zig:8    | Identified the Grimoire of Hurtful Shape Shifting
 30467 | Crypt:1  | Entered Level 1 of the Crypt
 30884 | Crypt:3  | Entered Level 3 of the Crypt
 31012 | Crypt:3  | Thaneod: daj kody na statue
 31021 | Crypt:3  | 4thArraOfDagon: to tworzysz makro
 31021 | Crypt:3  | Thaneod: i skad masz wszystkie rozdzki wymaksowane?
 31021 | Crypt:3  | Thaneod: dobra nie spieszy mi sie
 31021 | Crypt:3  | Thaneod: graj!!
 31110 | Crypt:3  | Identified the +4 scale mail of Qazlal's Outrage {rF+} (You found it on level 3 of the Crypt)
 31119 | Crypt:3  | Thaneod: statue to chyba podstawa dla każdej postaci
 31183 | Crypt:3  | Found a staircase to the Tomb.
 31367 | Crypt:3  | 4thArraOfDagon: ta
 31367 | Crypt:3  | 4thArraOfDagon: jak raz jej uzyjesz
 31367 | Crypt:3  | 4thArraOfDagon: to juz nigdy nie przestaniesz :)
 31371 | Tomb:1   | Entered Level 1 of the Tomb of the Ancients
 31487 | Tomb:1   | Reached XP level 26. HP: 197/197 MP: 39/39
 31493 | Tomb:1   | Received a gift from Okawaru
 31513 | Tomb:1   | Reached skill level 14 in Invocations
 31540 | Tomb:1   | Thaneod: I wonder how I could clear tombs without it
 31600 | Tomb:1   | Thaneod: no rElec?
 31784 | Tomb:1   | Noticed a greater mummy
 31793 | Tomb:1   | Killed a greater mummy
 31799 | Tomb:1   | Noticed a greater mummy
 31839 | Tomb:1   | Thaneod: !!
 31839 | Tomb:1   | HP: 9/257 [mummy priest/divine providence (12)]
 31841 | Tomb:1   | Noticed a greater mummy
 31841 | Tomb:1   | Noticed a greater mummy
 31852 | Tomb:1   | HP: 4/257 [guardian mummy's death curse (23)]
 32110 | Crypt:1  | 4thArraOfDagon: i have
 32110 | Crypt:1  | p0werm0de: wow all artefacts
 32117 | Crypt:1  | p0werm0de: ;D
 32117 | Crypt:1  | Thaneod: k
 32165 | Crypt:1  | 4thArraOfDagon: decent weapon = struggle
 32165 | Crypt:1  | 4thArraOfDagon: defense doesnt matter
 32590 | Zot:1    | Entered Level 1 of the Realm of Zot
 32864 | Zot:1    | Received a gift from Okawaru
 33195 | Zot:2    | Reached skill level 15 in Translocations
 33317 | Zot:2    | Noticed an orb of fire
 33332 | Zot:2    | Killed an orb of fire
 33332 | Zot:2    | Received a gift from Okawaru
 33925 | Zot:4    | Reached XP level 27. HP: 204/204 MP: 41/41
 34160 | Zot:3    | Received a gift from Okawaru
 34165 | Zot:3    | Identified the +3 scimitar "Enos" {antimagic, rN+ Str+4 Dex+3} (Okawaru gifted it to you on level 3 of the Realm of Zot)
 34289 | Zot:4    | Reached skill level 15 in Spellcasting
 34468 | Zot:5    | Entered Level 5 of the Realm of Zot
 34624 | Zot:5    | Found Pottig's Changing Room.
 34647 | Zot:5    | Noticed an orb of fire
 34655 | Zot:5    | Gained mutation: Your system is resistant to poisons. (rPois) [an orb of fire]
 34669 | Zot:5    | Gained mutation: Potions are less effective at restoring your health. [an orb of fire]
 34676 | Zot:5    | Gained mutation: Your magical capacity is low. (-10% MP) [an orb of fire]
 34678 | Zot:5    | Gained mutation: You expend magic power (3 MP) to strengthen your wands. [an orb of fire]
 34697 | Zot:5    | Killed an orb of fire
 34700 | Zot:5    | Lost mutation: Your body sometimes deteriorates upon taking damage. [potion of mutation]
 34700 | Zot:5    | Lost mutation: You are weak. (Str -2) [potion of mutation]
 34700 | Zot:5    | Lost mutation: Your magical capacity is low. (-10% MP) [potion of mutation]
 34700 | Zot:5    | Lost mutation: Potions are less effective at restoring your health. [potion of mutation]
 34700 | Zot:5    | Gained mutation: You are robust. (+10% HP) [potion of mutation]
 34766 | Zot:5    | Received a gift from Okawaru
 35111 | Pan      | Entered Pandemonium
 35178 | Pan      | Reached skill level 5 in Stealth
 35236 | Pan      | Found an exit through the horrors of the Abyss.
 35488 | Pan      | Noticed Bisarus the pandemonium lord
 35498 | Pan      | Killed Bisarus the pandemonium lord
 35789 | Pan      | Found an exit through the horrors of the Abyss.
 35911 | Pan      | Noticed Niaxit the pandemonium lord
 35926 | Pan      | Killed Niaxit the pandemonium lord
 35926 | Pan      | Received a gift from Okawaru
 35926 | Pan      | Reached skill level 10 in Stealth
 36142 | Pan      | Entered the realm of Mnoleg.
 36172 | Pan      | Gained mutation: You are clumsy. (Dex -2) [a neqoxec]
 36222 | Pan      | Gained mutation: You occasionally shout uncontrollably at your foes. [a neqoxec]
 36343 | Pan      | Gained mutation: You are dopey. (Int -2) [a shining eye]
 36344 | Pan      | Noticed Mnoleg
 36346 | Pan      | Paralysed by a floating eye for 3 turns
 36353 | Pan      | Paralysed by a floating eye for 4 turns
 36362 | Pan      | Paralysed by a floating eye for 3 turns
 36374 | Pan      | Got a glowing rune of Zot
 36492 | Pan      | Noticed Vooshi the pandemonium lord
 36512 | Pan      | Killed Vooshi the pandemonium lord
 36591 | Pan      | Found an exit through the horrors of the Abyss.
 36595 | Pan      | Gained mutation: Potions are less effective at restoring your health. [a cacodemon]
 36619 | Pan      | Identified the +1 ring mail "Hoxte" {rElec rC+ rCorr Int+2} (You found it in Pandemonium)
 36852 | Pan      | Noticed Nyunuame the pandemonium lord
 36863 | Pan      | Killed Nyunuame the pandemonium lord
 37030 | Pan      | Noticed Bemman the pandemonium lord
 37310 | Pan      | Found an exit through the horrors of the Abyss.
 37319 | Pan      | Took an exit into the Abyss.
 37319 | Abyss:1  | Escaped into the Abyss
 37332 | Depths:3 | Escaped the Abyss
 37334 | Pan      | Entered Pandemonium
 37386 | Pan      | Noticed Duradd the pandemonium lord
 37424 | Pan      | Killed Duradd the pandemonium lord
 37424 | Pan      | Reached skill level 15 in Stealth
 37426 | Pan      | Found an exit through the horrors of the Abyss.
 37429 | Pan      | Noticed Mnoleg
 37461 | Pan      | Entered the realm of Cerebov.
 37508 | Pan      | Identified the +6 fire dragon scales of the Echidna {rElec rF++ rC- Int+3 SInv} (You found it in Pandemonium)
 37727 | Pan      | Identified the cursed +0 ring mail "Denixt" {rC- Regen+ Str+6} (You found it in Pandemonium)
 37799 | Pan      | Received a gift from Okawaru
 37814 | Pan      | Identified the +1 chain mail "Buogaf" {rCorr} (You found it in Pandemonium)
 37818 | Pan      | Identified the +4 robe of a treasure trove {rF+} (You found it in Pandemonium)
 37822 | Pan      | Identified the +6 battleaxe of the Sun {chop, rElec rN+ Int-4} (You found it in Pandemonium)
 37823 | Pan      | Noticed Cerebov
 37844 | Pan      | Got a fiery rune of Zot
 37871 | Pan      | Found an exit through the horrors of the Abyss.
 37880 | Pan      | Took an exit into the Abyss.
 37880 | Abyss:1  | Escaped into the Abyss
 37968 | Abyss:1  | Paralysed by accursed screaming for 1 turns
 38026 | Abyss:1  | Found a shattered altar of Ashenzari.
 38241 | Abyss:1  | Identified the cursed +1 lajatang of the Mind {slice, +Rage Int+2} (You found it on level 1 of the Abyss)
 38323 | Depths:3 | Escaped the Abyss
 38326 | Pan      | Entered Pandemonium
 38350 | Pan      | Noticed Tukkaz the pandemonium lord
 38362 | Pan      | Killed Tukkaz the pandemonium lord
 38463 | Pan      | Noticed Lukikle the pandemonium lord
 38510 | Pan      | Noticed Mnoleg
 38555 | Depths:3 | Escaped Pandemonium
 38563 | Pan      | Entered Pandemonium
 38663 | Pan      | Noticed Yreryr the pandemonium lord
 38682 | Pan      | Killed Yreryr the pandemonium lord
 39012 | Pan      | Entered the realm of Lom Lobon.
 39265 | Pan      | Rhok: chaos oO
 39374 | Pan      | Noticed Lom Lobon
 39458 | Pan      | Got a magical rune of Zot
 39683 | Pan      | Found an exit through the horrors of the Abyss.
 39699 | Pan      | Found an exit through the horrors of the Abyss.
 39729 | Pan      | Entered the realm of Gloorx Vloq.
 39998 | Pan      | Received a gift from Okawaru
 40003 | Pan      | Identified the +2 hat "Xuaparug" {rPois rCorr Stlth-} (Okawaru gifted it to you in Pandemonium)
 40196 | Pan      | Noticed Gloorx Vloq
 40206 | Pan      | Got a dark rune of Zot
 40324 | Pan      | Found an exit through the horrors of the Abyss.
 40371 | Pan      | Found an exit through the horrors of the Abyss.
 40444 | Pan      | Took an exit into the Abyss.
 40444 | Abyss:1  | Escaped into the Abyss
 40812 | Abyss:4  | Found a corrupted altar of Lugonu.
 40897 | Abyss:4  | Got an abyssal rune of Zot
 40900 | Depths:3 | Escaped the Abyss
 40935 | Pan      | Entered Pandemonium
 40947 | Pan      | Found an exit through the horrors of the Abyss.
 41122 | Pan      | Noticed Gloorx Vloq
 41226 | Pan      | Noticed Lom Lobon
 41430 | Pan      | Found an exit through the horrors of the Abyss.
 41776 | Pan      | Received a gift from Okawaru
 42002 | Pan      | Identified the +2 buckler "Eryrphuho" {rC+ MP+9} (You took it off a cherub in Pandemonium)
 42236 | Pan      | Identified the ring "Viluim" {rPois Str+3} (You took it off an angel in Pandemonium)
 42241 | Pan      | Noticed a seraph
 42252 | Pan      | Found a glowing golden altar of the Shining One.
 42256 | Pan      | Got a demonic rune of Zot
 42318 | Depths:3 | Escaped Pandemonium
 42324 | Hell     | Entered the Vestibule of Hell
 42324 | Hell     | Noticed Geryon
 42439 | Hell     | Found a gateway to the decaying netherworld of Tartarus.
 42445 | Tar:1    | Entered Level 1 of Tartarus
 42880 | Tar:2    | Received a gift from Okawaru
 43121 | Hell     | Reached skill level 15 in Fighting
 43210 | Hell     | Found a gateway to the freezing wastes of Cocytus.
 43230 | Hell     | Killed Geryon
 43568 | Tar:7    | Entered Level 7 of Tartarus
 43860 | Tar:7    | Noticed Ereshkigal
 43992 | Tar:7    | Received a gift from Okawaru
 43999 | Tar:7    | Got a bone rune of Zot
 44210 | Hell     | Found a gateway to the ashen valley of Gehenna.
 44245 | Geh:1    | Entered Level 1 of Gehenna
 44432 | Geh:7    | Entered Level 7 of Gehenna
 44486 | Geh:7    | Learned a level 2 spell: Passwall
 44492 | Geh:7    | Learned a level 5 spell: Lee's Rapid Deconstruction
 44502 | Geh:7    | Learned a level 8 spell: Infestation
 44747 | Geh:7    | Noticed Asmodeus
 44972 | Geh:7    | Found the +3 giant club "Skullcrusher" {speed, Str+7}
 44973 | Geh:7    | Found the ring of Shadows {Umbra +Inv Stlth+}
 44981 | Geh:7    | Got an obsidian rune of Zot
 45236 | Hell     | Found a gateway to the Iron City of Dis.
 45246 | Dis:1    | Entered Level 1 of the Iron City of Dis
 45279 | Dis:1    | You are sucked into a shaft!
 45900 | Dis:7    | Entered Level 7 of the Iron City of Dis
 46122 | Dis:7    | Gained mutation: Your body sometimes deteriorates upon taking damage. [mutagenic glow]
 46183 | Dis:7    | Gained mutation: You tend to lose your temper in combat. [mutagenic glow]
 46324 | Dis:7    | Gained mutation: Your magical capacity is low. (-10% MP) [mutagenic glow]
 46476 | Dis:7    | Received a gift from Okawaru
 46563 | Dis:7    | Reached skill level 15 in Invocations
 46689 | Dis:7    | Found the +7 Singing Sword
 46692 | Dis:7    | Noticed Dispater
 46697 | Dis:7    | Got an iron rune of Zot
 46792 | Dis:7    | Lost mutation: You passively map a small area around you. [potion of mutation]
 46792 | Dis:7    | Lost mutation: Your body sometimes deteriorates upon taking damage. [potion of mutation]
 46792 | Dis:7    | Lost mutation: You are dopey. (Int -2) [potion of mutation]
 46792 | Dis:7    | Lost mutation: You have a pair of small horns on your head. [potion of mutation]
 46792 | Dis:7    | Lost mutation: You tend to lose your temper in combat. [potion of mutation]
 46792 | Dis:7    | Gained mutation: You are partially covered in large bone plates. (SH +4) [potion of mutation]
 46960 | Coc:1    | Entered Level 1 of Cocytus
 47133 | Coc:3    | Reached skill level 16 in Invocations
 47242 | Coc:7    | Entered Level 7 of Cocytus
 47302 | Coc:7    | HP: 11/319 [Ice Fiend/bolt of cold (29)]
 47528 | Coc:7    | Reached skill level 17 in Invocations
 47897 | Coc:7    | Reached skill level 18 in Invocations
 48000 | Coc:7    | Got an icy rune of Zot
 48282 | Hell     | Lost mutation: You are clumsy. (Dex -2) [potion of mutation]
 48282 | Hell     | Lost mutation: You expend magic power (3 MP) to strengthen your wands. [potion of mutation]
 48282 | Hell     | Lost mutation: Your magical capacity is low. (-10% MP) [potion of mutation]
 48881 | Tomb:1   | Killed a greater mummy
 49070 | Tomb:1   | Received a gift from Okawaru
 49152 | Tomb:2   | Noticed a greater mummy
 49154 | Tomb:2   | Noticed a greater mummy
 49160 | Tomb:2   | Noticed a greater mummy
 49160 | Tomb:2   | Noticed an ancient lich
 49166 | Tomb:2   | Reached skill level 19 in Invocations
 49253 | Tomb:1   | Noticed a greater mummy
 49253 | Tomb:1   | Noticed a greater mummy
 49253 | Tomb:1   | Noticed a greater mummy
 49253 | Tomb:1   | Noticed a greater mummy
 49253 | Tomb:1   | Noticed a greater mummy
 49256 | Tomb:1   | Noticed a greater mummy
 49267 | Tomb:1   | Noticed a greater mummy
 49268 | Tomb:1   | Killed a greater mummy
 49270 | Tomb:1   | Killed a greater mummy
 49271 | Tomb:1   | Noticed a greater mummy
 49273 | Tomb:1   | Noticed a greater mummy
 49281 | Tomb:1   | Killed a greater mummy
 49293 | Tomb:1   | Killed a greater mummy
 49304 | Tomb:1   | Noticed a greater mummy
 49304 | Tomb:1   | Killed a greater mummy
 49313 | Tomb:1   | Killed a greater mummy
 49462 | Tomb:2   | Killed a greater mummy
 49462 | Tomb:2   | Reached skill level 20 in Invocations
 49484 | Tomb:1   | Killed a greater mummy
 49498 | Tomb:1   | Killed a greater mummy
 49515 | Tomb:1   | Killed a greater mummy
 49569 | Tomb:1   | Noticed a greater mummy
 49589 | Tomb:1   | Noticed a greater mummy
 49595 | Tomb:1   | Killed a greater mummy
 49621 | Tomb:1   | Noticed a greater mummy
 49631 | Tomb:1   | Killed a greater mummy
 49700 | Tomb:1   | Noticed a greater mummy
 49713 | Tomb:1   | Noticed a greater mummy
 49714 | Tomb:1   | Goblin1989: wow
 49718 | Tomb:1   | Noticed a greater mummy
 49720 | Tomb:1   | Killed a greater mummy
 49721 | Tomb:1   | Noticed a greater mummy
 49723 | Tomb:1   | Noticed a greater mummy
 49727 | Tomb:1   | Gained mutation: Your magical capacity is low. (-10% MP) [a neqoxec]
 49729 | Tomb:1   | Goblin1989: 34 int
 49755 | Tomb:1   | Goblin1989: 43
 49806 | Tomb:1   | Killed a greater mummy
 49830 | Tomb:1   | Banished a greater mummy
 49867 | Tomb:1   | Killed a greater mummy
 49867 | Tomb:1   | Reached skill level 21 in Invocations
 49891 | Tomb:1   | Killed a greater mummy
 49921 | Tomb:1   | Noticed a greater mummy
 49938 | Tomb:1   | Killed a greater mummy
 49961 | Tomb:1   | Noticed a greater mummy
 49978 | Tomb:1   | Killed a greater mummy
 50021 | Tomb:1   | Noticed a greater mummy
 50021 | Tomb:1   | Noticed a greater mummy
 50037 | Tomb:1   | Killed a greater mummy
 50047 | Tomb:1   | Killed a greater mummy
 50057 | Tomb:1   | Killed a greater mummy
 50062 | Tomb:1   | Received a gift from Okawaru
 50085 | Tomb:1   | 4thArraOfDagon: so many mummies
 50154 | Tomb:2   | Paralysed by a Zot trap for 3 turns
 50213 | Tomb:3   | Entered Level 3 of the Tomb of the Ancients
 50223 | Tomb:3   | Found the +7 captain's cutlass {speed, disarm}
 50331 | Tomb:3   | Reached skill level 22 in Invocations
 50376 | Tomb:3   | Noticed a greater mummy
 50405 | Tomb:3   | Killed a greater mummy
 50444 | Tomb:3   | Noticed a greater mummy
 50459 | Tomb:3   | Killed a greater mummy
 50475 | Tomb:3   | Gained mutation: You are dopey. (Int -2) [a neqoxec]
 50481 | Tomb:3   | Noticed a greater mummy
 50483 | Tomb:3   | Noticed a greater mummy
 50579 | Tomb:3   | Noticed an ancient lich
 50595 | Tomb:3   | Killed an ancient lich
 50702 | Tomb:3   | Found the cursed +14 obsidian axe {chop, +Fly SInv *Curse}
 50942 | Tomb:3   | Noticed a greater mummy
 50951 | Tomb:3   | Noticed a greater mummy
 50951 | Tomb:3   | Noticed a greater mummy
 50954 | Tomb:3   | Got a golden rune of Zot
 50956 | Tomb:3   | Noticed a greater mummy
 50985 | Tomb:2   | Gained mutation: Your body sometimes deteriorates upon taking damage. [mutagenic glow]
 51002 | Tomb:2   | Identified the +9 plate armour of Fedhas's Regard {-Cast Regen+ Int+4} (You found it on level 2 of the Tomb of the Ancients)
 51672 | Vaults:3 | Noticed Margery
 51688 | Vaults:3 | Killed Margery
 51801 | Vaults:2 | Received a gift from Okawaru
 51807 | Vaults:2 | Reached skill level 23 in Invocations
 52295 | Zot:5    | Noticed an ancient lich
 52301 | Zot:5    | Killed an ancient lich
 52407 | Zot:5    | Noticed an ancient lich
 52423 | Zot:5    | Noticed an ancient lich
 52424 | Zot:5    | Killed an ancient lich
 52437 | Zot:5    | Noticed an ancient lich
 52445 | Zot:5    | Killed an ancient lich
 52465 | Zot:5    | Killed an ancient lich
 52505 | Zot:5    | Noticed an ancient lich
 52534 | Zot:5    | Killed an ancient lich
 52569 | Zot:5    | Noticed an orb of fire
 52591 | Zot:5    | Killed an orb of fire
 52598 | Zot:5    | Received a gift from Okawaru
 52625 | Zot:5    | Reached skill level 24 in Invocations
 52685 | Zot:5    | Noticed an orb of fire
 52686 | Zot:5    | Gained mutation: Your body often deteriorates upon taking damage. [an orb of fire]
 52698 | Zot:5    | Killed an orb of fire
 52804 | Zot:5    | Noticed an orb of fire
 52809 | Zot:5    | Lost mutation: You are robust. (+10% HP) [an orb of fire]
 52812 | Zot:5    | Killed an orb of fire
 52842 | Zot:5    | Reached skill level 25 in Invocations
 52855 | Zot:5    | Noticed an orb of fire
 52858 | Zot:5    | Received a gift from Okawaru
 52862 | Zot:5    | Gained mutation: You are weak. (Str -2) [an orb of fire]
 52868 | Zot:5    | Killed an orb of fire
 52909 | Zot:5    | Got the Orb of Zot
 52969 | Zot:5    | Noticed an ancient lich
 53080 | Depths:5 | Noticed Lom Lobon
 53221 | Depths:1 | Noticed Bouta the pandemonium lord
 53702 | D:$      | Escaped with the Orb!

Vault maps used:
D:1:      saegor_arrival_simple_e
D:2:      nicolae_dithmenos_through_a_glass_darkly, uniq_terence
D:3:      okawaru_ov_weapons_minmay, first_bread
D:4:      serial_shops, shop, uniq_sigmund, uniq_pikel, uniq_duvessa
D:5:      nicolae_overflow_hidden_temple, serial_shops,
          nicolae_shop_behind_doors, shop, shop, nicolae_shop_overgrown_old_shop
D:6:      chequers_temple_overflow_statue_of_worship, uniq_blork_the_orc,
          uniq_edmund
D:7:      minmay_temple_entry_grid
D:10:     david_lair_shrubbed
D:11:     david_orc_5, lab_entry_generic
D:14:     grunt_vaults_entry_tiered, abandoned_shop
D:15:     hangedman_depths_entry_try_elsewhere_first,
          lemuel_mausoleum_altar_yredelemnul
Lair:1:   basic_altar, grunt_megastairs_4, uniq_nergalle, uniq_sonja,
          uniq_fannar
Lair:2:   minmay_shoals_entry_centaurs, uniq_prince_ribbit2
Lair:3:   beast_lair_carwin_5
Lair:4:   nicolae_spider_entry_non_spiders, basic_altar,
          hangedman_lair_generics_rect, grunt_megastairs_5, serial_bayou_shore_b
Lair:5:   slime_dummy, serial_bayou_shore_a
Lair:6:   evil_forest, zaba_antful_of_joy, minmay_lair_oklob_chamber
Shoals:1: nicolae_shoals_aquamancer_cove
Shoals:2: lightli_airlock
Shoals:3: cheibrodos_shoals_three_sisters, serial_shops, shop_fountains,
          kb_tengu_band, uniq_mara, uniq_ilsuiw
Shoals:4: shoals_end_simple, shoals_ilsuiw_alternative,
          nicolae_shoals_circle_sea_wall, uniq_roxanne
Spider:1: spider_trap, uniq_frances
Spider:4: spider_rune_water, spider_trap, uniq_arachne
Orc:1:    basic_altar, uniq_snorg
Orc:2:    grunt_orc_cross, serial_shops, shop, uniq_donald
Elf:1:    minmay_elf_demonology, uniq_kirke
Elf:3:    minmay_elf_hall_hex, serial_shops, nicolae_shop_statue_plus
Vaults:1: st_diamondy, vaults_room_pool, v_misc_13, nicolae_vaults_gold_heap,
          ontoclasm_vaults_twist, ontoclasm_vaults_gateway,
          vaults_room_grunt_arrival_checkpoint
Vaults:2: st_eye, nicolae_vaults_stairing_the_circle, vaults_dpeg_encased_lava,
          ontoclasm_vaults_hangar, dpeg_vaults_monster_row,
          nicolae_vaults_twisting_passages, hangedman_vaults_nodes,
          hangedman_vaults_impose, vaults_room_large_hall,
          hangedman_vaults_slice, nicolae_trove_entry_free_sample, uniq_jorgrun
Vaults:3: v_misc_4, minmay_crypt_entry_simple_corners, hangedman_vaults_stream,
          vaults_room_pool, ontoclasm_vaults_pinch, vaults_room_pools,
          ontoclasm_vaults_eye, vaults_dpeg_hooks,
          nicolae_vaults_little_squares_5, serial_ice_b, vaults_dpeg_cross,
          hangedman_vaults_trim, vaults_room_semicircle, ontoclasm_vaults_spin,
          vaults_room_hallway, uniq_sojobo, uniq_saint_roka, uniq_margery
Vaults:4: grunt_vaults_swirl, vaults_room_pool, v_misc_30,
          ontoclasm_vaults_chip, ontoclasm_vaults_ring_small,
          ontoclasm_vaults_chip, vaults_standard_mumra_x, st_lattice,
          hangedman_vaults_trim, ontoclasm_vaults_shuriken
Vaults:5: serial_shops, uniq_xtahua, uniq_frederick
Crypt:1:  roderic_lattice_octagonal_star, grunt_crypt_arrival_guarded_gate
Crypt:3:  quadcrypt_mu
Depths:1: ziggurat_fallback, special_room, grunt_mini_vestibule,
          hangedman_decor_clover_reticule, hangedman_eye_storm,
          grunt_megastairs_1, minmay_shop_grove
Depths:2: kennysheep_large_spiral, minmay_misc_feat_diagonals, pf_coc_iceberg,
          minmay_shoptagon, infiniplex_staircase_zigzag_1, uniq_enchantress
Depths:3: hangedman_slaughterboxes, pan_entry, hell_entry
Depths:4: lemuel_troll_bridge, hangedman_decor_points, pf_hell_entry_tar_river,
          abyss_entry, st_stairs_11, uniq_mennas
Depths:5: grunt_zot_entry_alcove, hellmouth_1, minmay_misc_feat_secret_circle,
          minivault_16
Dis:4:    hangedman_dis_decor_blocks_talon, hangedman_dis_decor_blocks_crown
Dis:5:    lemuel_elevator
Dis:7:    iron_city_of_dis
Geh:6:    minmay_fire_ice_demons
Geh:7:    geh_mu
Coc:5:    serial_ice, serial_ice_b, serial_ice_f
Coc:7:    coc_old
Tar:1:    nicolae_tar_cuneiform_city, nicolae_tar_cuneiform_sun,
          grunt_megastairs_2
Tar:7:    tar_mu
Zot:3:    st_stairs_7, grunt_megastairs_3
Zot:4:    hangedman_hellfire_club
Zot:5:    nicolae_transmutations_shop
Abyss:1:  hangedman_elemental_corridor, hangedman_abyss_stitches_cave
Abyss:2:  evilmike_abyss_exit_smiterflies
Abyss:3:  grunt_abyss_rune_forest_and_sorcery
Abyss:4:  hangedman_grunt_abyss_rune_horror_hoard, evilmike_abyss_exit_1
Pan:      evilmike_mini_pan_pillars_b, pan_blood_fountain_small,
          nicolae_pan_hourglass, rand_demon_1, nicolae_pan_cerebovesque_1,
          evilmike_mini_pan_V, grunt_pan_pentagram, evilmike_mini_pan_branches,
          grunt_pan_sceptre, pan_blood_fountain_2, grunt_pan_zigzag,
          evilmike_mnoleg_eyes, pan_blood_fountain, nicolae_pan_double_arrow,
          pan_blood_fountain_small, rand_demon_4, pan_blood_fountain_small,
          evilmike_mini_pan_corner, evilmike_mini_pan_corner, uniq_mnoleg,
          nicolae_pan_door_chamber, uniq_mnoleg, evilmike_mini_pan_branches,
          uniq_mnoleg, rand_demon_2, rand_demon_6, grunt_pan_spiral,
          evilmike_mini_pan_thingy, nicolae_pan_double_arrow,
          pan_blood_fountain_2, uniq_mnoleg, evilmike_cerebov_lava,
          rand_demon_3, nicolae_pan_glass_arcs, pan_disco_hall, uniq_mnoleg,
          nicolae_pan_diamonds, pan_blood_fountain, pan_blood_fountain_small,
          evilmike_mini_pan_corner, pan_surprise, pan_captured_pigsty,
          evilmike_mini_pan_layers, reaverb_pan_squares, evilmike_mini_pan_3x3,
          lom_lobon_grunt_wind_tunnels, grunt_pan_sceptre, uniq_lom_lobon,
          nicolae_pan_sigil_obb, nicolae_pan_mnolegish_5, lemuel_hellion_island,
          uniq_lom_lobon, nicolae_pan_mnolegish_5, rand_demon_7,
          pan_blood_fountain_2, uniq_lom_lobon, gloorx_vloq_grunt,
          pan_blood_fountain_small, rand_demon_5, nicolae_pan_cerebovesque_3,
          grunt_pan_zigzag, uniq_gloorx_vloq, nicolae_pan_cerebovesque_1,
          nicolae_pan_sigil_obb, reaverb_pan_chaos_star, grunt_pan_sceptre,
          uniq_lom_lobon, pan_blood_fountain, reaverb_pan_figure_eight,
          rand_demon_8, nicolae_pan_hourglass, pan_blood_fountain,
          evilmike_mini_pan_doors_b, uniq_gloorx_vloq,
          regret_index_pan_draining_boxed, uniq_lom_lobon, uniq_gloorx_vloq,
          evilmike_holy_pan
Zig:6:    ziggurat_pillar_centre_smoke
Lab:      nicolae_lab_stuck, nicolae_lab_do_over, labyrinth_lava_lair

Skill      XL: |  1  2  3  4  5  6  7  8  9 10 11 12 13 14 15 16 17 18 19 20 21 22 23 24 25 26 27 |
---------------+----------------------------------------------------------------------------------+-----
Short Blades   | 2 |  2.1
Long Blades    | 2 3 4 5 6 7 9 10 11 13 14 15 16 17 18 19 20 21 | 21.0
Fighting       | 1 2 4 5 6 7 8 9 10 11 12 13 14 20 | 20.0
Invocations    | 1 2 3 4 5 6 7 8 9 10 11 12 13 14 25 | 25.3
Dodging        | 3 4 5 6 7 9 10 11 12 13 14 15 16 17 | 17.1
Hexes          | 5 7 9 10 | 10.4
Shields        | 1 5 7 9 11 12 13 14 15 16 17 18 | 18.5
Transmutations | 1 6 9 11 13 | 13.3
Earth Magic    | 5 8 10 12 | 12.3
Spellcasting   | 4 6 7 8 9 10 11 12 14 19 | 19.3
Armour         | 1 |  1.9
Translocations | 4 6 8 9 10 12 13 16 20 | 20.4
Stealth        | 21 | 21.0

Action                   |  1- 3 |  4- 6 |  7- 9 | 10-12 | 13-15 | 16-18 | 19-21 | 22-24 | 25-27 || total
-------------------------+-------+-------+-------+-------+-------+-------+-------+-------+-------++-------
Melee: Dagger            |    45 |     1 |       |       |       |       |       |       |       ||    46
       Bite              |     3 |    12 |    24 |   113 |    79 |   188 |   176 |   208 |   979 ||  1782
       Kick              |     1 |    20 |    21 |       |       |    51 |   410 |   534 |  1914 ||  2951
       Falchion          |       |    98 |   272 |    94 |       |       |       |       |       ||   464
       Headbutt          |       |    11 |    52 |   186 |   151 |   325 |   331 |   379 |  1283 ||  2718
       Punch             |       |     2 |       |     2 |       |       |       |       |       ||     4
       Rapier            |       |       |       |    52 |       |    11 |    13 |       |   164 ||   240
       Staff             |       |       |       |   496 |       |       |       |       |       ||   496
       Scimitar          |       |       |       |   233 |   876 |  1333 |  1085 |  1497 |  1874 ||  6898
       Unarmed           |       |       |       |    11 |       |       |       |       |     1 ||    12
       Demon blade       |       |       |       |       |       |       |       |       |  4661 ||  4661
Throw: Javelin           |       |       |     2 |       |       |       |       |       |       ||     2
 Cast: Ensorcelled Hiber |     4 |       |       |       |       |       |       |       |       ||     4
       Corona            |     1 |       |       |       |       |       |       |       |       ||     1
       Confuse           |       |     1 |     7 |    14 |       |       |       |       |       ||    22
       Statue Form       |       |       |       |       |       |     4 |    34 |    53 |   192 ||   283
       Blink             |       |       |       |       |       |       |     1 |       |     3 ||     4
       Apportation       |       |       |       |       |       |       |       |       |    27 ||    27
       Regeneration      |       |       |       |       |       |       |       |       |   288 ||   288
       Controlled Blink  |       |       |       |       |       |       |       |       |    70 ||    70
       Passwall          |       |       |       |       |       |       |       |       |    18 ||    18
       Passage of Golubr |       |       |       |       |       |       |       |       |     7 ||     7
       Spectral Weapon   |       |       |       |       |       |       |       |       |     3 ||     3
Invok: Heroism           |       |     2 |     7 |    28 |    43 |    58 |    41 |    60 |   239 ||   478
       Finesse           |       |       |       |       |     5 |     4 |     7 |     7 |    42 ||    65
 Abil: End Transformatio |       |       |       |       |       |       |     8 |     9 |   137 ||   154
       Bat Form          |       |       |       |       |       |       |       |       |    11 ||    11
       Blink             |       |       |       |       |       |       |       |       |     4 ||     4
       Evoke Blink       |       |       |       |       |       |       |       |       |     2 ||     2
Evoke: Wand              |       |       |     1 |     5 |       |     2 |     1 |       |       ||     9
       Sack of spiders   |       |       |       |     2 |       |       |       |       |       ||     2
       Lamp of fire      |       |       |       |       |       |     1 |     1 |       |     1 ||     3
       Lightning rod     |       |       |       |       |       |       |     5 |       |     6 ||    11
       Box of beasts     |       |       |       |       |       |       |     1 |       |       ||     1
  Use: Potion            |     6 |     2 |     6 |     2 |    16 |    17 |    32 |    12 |   123 ||   216
       Scroll            |     2 |     3 |     5 |    21 |     9 |    16 |    12 |     6 |    60 ||   134
 Stab: Sleeping          |     5 |     4 |     7 |    17 |    14 |    32 |     3 |     7 |    33 ||   122
       Confused          |       |       |     5 |    18 |       |       |       |       |    17 ||    40
       Paralysed         |       |       |       |    10 |       |       |       |       |    67 ||    77
       Distracted        |       |       |       |     1 |     1 |     3 |     1 |     3 |    18 ||    27
       Invisible         |       |       |       |       |       |     4 |       |       |       ||     4
       Petrifying        |       |       |       |       |       |       |       |       |    43 ||    43
       Petrified         |       |       |       |       |       |       |       |       |    15 ||    15
  Eat: Corpse            |     6 |    10 |     5 |    26 |    11 |    15 |    13 |    20 |    60 ||   166
Armor: Robe              |     2 |     4 |       |       |    74 |   179 |       |       |       ||   259
       Ring mail         |       |    22 |     2 |   173 |       |     1 |    12 |     7 |   226 ||   443
       Leather armour    |       |       |    42 |    67 |       |       |       |       |       ||   109
       Troll leather arm |       |       |       |    10 |    23 |       |       |       |       ||    33
       Skin              |       |       |       |       |       |    40 |   344 |   368 |  1372 ||  2124
Dodge: Dodged            |    24 |    48 |   163 |   578 |   338 |   866 |   848 |  1139 |  6214 || 10218
Block: Buckler           |       |       |       |    97 |       |       |       |       |  1493 ||  1590
       Large shield      |       |       |       |   130 |   533 |  1453 |  1468 |  1892 |  6723 || 12199
       Rpst.: Falchion   |       |    14 |    48 |    20 |       |       |       |       |       ||    82
       Scimitar          |       |       |       |    21 |    70 |   155 |   142 |   193 |   253 ||   834
       Demon blade       |       |       |       |       |       |       |       |       |   855 ||   855

Table legend:
 A = Spawn XP
 B = Non-spawn XP
 C = Spawn XP percentage of total XP
 D = Spawn monster count
 E = Non-spawn monster count
 F = Spawn count percentage of total count
 G = Total turns spent on level
                    A         B        C        D         E        F      G
               +---------+---------+-------+---------+---------+-------+---------
         Total |   23519 | 2921386 |   0.8 |      39 |    3551 |   1.1 | 53702
               +---------+---------+-------+---------+---------+-------+---------
           D:1 |       0 |      26 |   0.0 |       0 |      14 |   0.0 |   621
           D:2 |       0 |     118 |   0.0 |       0 |      23 |   0.0 |   769
           D:3 |       0 |      76 |   0.0 |       0 |      13 |   0.0 |   761
           D:4 |       0 |    1217 |   0.0 |       0 |      13 |   0.0 |   996
           D:5 |       0 |     240 |   0.0 |       0 |       8 |   0.0 |  1093
           D:6 |       0 |    1308 |   0.0 |       0 |      27 |   0.0 |   865
           D:7 |       0 |     621 |   0.0 |       0 |      19 |   0.0 |   684
           D:8 |       0 |    1479 |   0.0 |       0 |      35 |   0.0 |   848
           D:9 |       0 |    2731 |   0.0 |       0 |      27 |   0.0 |   637
          D:10 |       0 |    3085 |   0.0 |       0 |      18 |   0.0 |   670
          D:11 |       0 |    4636 |   0.0 |       0 |      45 |   0.0 |   748
          D:12 |       0 |    2002 |   0.0 |       0 |      30 |   0.0 |   418
          D:13 |       0 |    5342 |   0.0 |       0 |      15 |   0.0 |   779
          D:14 |       0 |   10897 |   0.0 |       0 |      29 |   0.0 |   914
          D:15 |       0 |   20030 |   0.0 |       0 |      52 |   0.0 |   866
        Lair:1 |       0 |    4350 |   0.0 |       0 |      15 |   0.0 |   301
        Lair:2 |       0 |    4363 |   0.0 |       0 |      23 |   0.0 |   363
        Lair:3 |       0 |    4835 |   0.0 |       0 |      18 |   0.0 |   362
        Lair:4 |       0 |    5975 |   0.0 |       0 |      29 |   0.0 |   382
        Lair:5 |       0 |    7233 |   0.0 |       0 |      26 |   0.0 |   317
        Lair:6 |       0 |   30887 |   0.0 |       0 |     101 |   0.0 |   929
      Shoals:1 |       0 |    2037 |   0.0 |       0 |       4 |   0.0 |   121
      Shoals:2 |       0 |   12652 |   0.0 |       0 |      21 |   0.0 |   370
      Shoals:3 |       0 |   37717 |   0.0 |       0 |      51 |   0.0 |   585
      Shoals:4 |       0 |   35057 |   0.0 |       0 |      63 |   0.0 |   685
      Spider:1 |       0 |   13479 |   0.0 |       0 |      37 |   0.0 |   256
      Spider:2 |       0 |    7764 |   0.0 |       0 |      15 |   0.0 |   406
      Spider:3 |       0 |   22479 |   0.0 |       0 |      59 |   0.0 |   348
      Spider:4 |       0 |   34177 |   0.0 |       0 |      68 |   0.0 |   552
       Slime:1 |       0 |   22567 |   0.0 |       0 |      45 |   0.0 |   297
       Slime:2 |       0 |    6614 |   0.0 |       0 |       7 |   0.0 |    39
       Slime:3 |       0 |    8668 |   0.0 |       0 |      21 |   0.0 |    99
       Slime:4 |       0 |   16665 |   0.0 |       0 |      19 |   0.0 |   244
       Slime:5 |       0 |   49010 |   0.0 |       0 |      32 |   0.0 |   424
         Orc:1 |       0 |    2151 |   0.0 |       0 |      21 |   0.0 |   408
         Orc:2 |       0 |    9928 |   0.0 |       0 |      64 |   0.0 |   752
         Elf:1 |       0 |   20449 |   0.0 |       0 |      32 |   0.0 |   710
         Elf:2 |       0 |    7321 |   0.0 |       0 |      12 |   0.0 |   295
         Elf:3 |       0 |   57842 |   0.0 |       0 |      53 |   0.0 |  1370
      Vaults:1 |       0 |   43335 |   0.0 |       0 |      80 |   0.0 |   831
      Vaults:2 |       0 |   11669 |   0.0 |       0 |      18 |   0.0 |   320
      Vaults:3 |       0 |   52665 |   0.0 |       0 |      73 |   0.0 |   945
      Vaults:4 |       0 |   54538 |   0.0 |       0 |      77 |   0.0 |   993
      Vaults:5 |       0 |  176367 |   0.0 |       0 |     122 |   0.0 |  1430
       Crypt:1 |       0 |   18662 |   0.0 |       0 |      28 |   0.0 |   340
       Crypt:2 |       0 |   15718 |   0.0 |       0 |      22 |   0.0 |   351
       Crypt:3 |       0 |   24356 |   0.0 |       0 |      38 |   0.0 |   888
        Tomb:1 |       0 |  188038 |   0.0 |       0 |      99 |   0.0 |  1976
        Tomb:2 |       0 |   29301 |   0.0 |       0 |      33 |   0.0 |   664
        Tomb:3 |       0 |   52554 |   0.0 |       0 |      63 |   0.0 |   293
      Depths:1 |       0 |   52140 |   0.0 |       0 |      69 |   0.0 |   704
      Depths:2 |       0 |   75515 |   0.0 |       0 |      70 |   0.0 |  1156
      Depths:3 |       0 |  110672 |   0.0 |       0 |      80 |   0.0 |  1469
      Depths:4 |       0 |   80219 |   0.0 |       0 |      85 |   0.0 |   812
      Depths:5 |       0 |   76984 |   0.0 |       0 |      81 |   0.0 |   866
          Hell |       0 |   47954 |   0.0 |       0 |      76 |   0.0 |   635
         Dis:4 |       0 |    5161 |   0.0 |       0 |      16 |   0.0 |   204
         Dis:5 |       0 |    1660 |   0.0 |       0 |       5 |   0.0 |    84
         Dis:6 |       0 |   11093 |   0.0 |       0 |      32 |   0.0 |   194
         Dis:7 |       0 |  127504 |   0.0 |       0 |     141 |   0.0 |   992
         Geh:7 |       0 |   41761 |   0.0 |       0 |      45 |   0.0 |   726
         Coc:2 |       0 |     725 |   0.0 |       0 |       2 |   0.0 |    65
         Coc:3 |       0 |   17449 |   0.0 |       0 |      27 |   0.0 |    92
         Coc:5 |       0 |    3361 |   0.0 |       0 |       6 |   0.0 |    41
         Coc:7 |       0 |  100039 |   0.0 |       0 |     114 |   0.0 |  1020
         Tar:1 |       0 |   21232 |   0.0 |       0 |      38 |   0.0 |   327
         Tar:2 |       0 |   39104 |   0.0 |       0 |      51 |   0.0 |   379
         Tar:3 |       0 |     189 |   0.0 |       0 |       1 |   0.0 |    58
         Tar:5 |       0 |    4289 |   0.0 |       0 |       7 |   0.0 |    56
         Tar:6 |       0 |     884 |   0.0 |       0 |       3 |   0.0 |    54
         Tar:7 |       0 |   54086 |   0.0 |       0 |      51 |   0.0 |   593
         Zot:1 |       0 |   44303 |   0.0 |       0 |      28 |   0.0 |   552
         Zot:2 |       0 |   43073 |   0.0 |       0 |      19 |   0.0 |   431
         Zot:3 |       0 |   64398 |   0.0 |       0 |      39 |   0.0 |   660
         Zot:4 |       0 |   44850 |   0.0 |       0 |      34 |   0.0 |   624
         Zot:5 |       0 |  204695 |   0.0 |       0 |      59 |   0.0 |  1079
       Abyss:1 |    6271 |   16857 |  27.1 |       8 |      35 |  18.6 |   486
       Abyss:2 |    2230 |    5808 |  27.7 |       3 |      13 |  18.8 |   232
       Abyss:4 |    2700 |    8921 |  23.2 |       7 |      14 |  33.3 |   120
           Pan |   12318 |  403029 |   3.0 |      21 |     404 |   4.9 |  6247
         Zig:1 |       0 |    1003 |   0.0 |       0 |       2 |   0.0 |    20
         Zig:2 |       0 |   12538 |   0.0 |       0 |       1 |   0.0 |    63
         Zig:3 |       0 |    3687 |   0.0 |       0 |       5 |   0.0 |    48
         Zig:4 |       0 |    7230 |   0.0 |       0 |       5 |   0.0 |   176
         Zig:5 |       0 |    5499 |   0.0 |       0 |       6 |   0.0 |    78
         Zig:6 |       0 |    8837 |   0.0 |       0 |      10 |   0.0 |    81
         Zig:7 |       0 |   10354 |   0.0 |       0 |       8 |   0.0 |   111
         Zig:8 |       0 |   17967 |   0.0 |       0 |      11 |   0.0 |   121
           Lab |       0 |    1085 |   0.0 |       0 |       1 |   0.0 |   207
               +---------+---------+-------+---------+---------+-------+---------
